%YAML 1.1
%TAG !u! tag:unity3d.com,2011:
--- !u!1 &815765825996880991
GameObject:
  m_ObjectHideFlags: 0
  m_CorrespondingSourceObject: {fileID: 0}
  m_PrefabInstance: {fileID: 0}
  m_PrefabAsset: {fileID: 0}
  serializedVersion: 6
  m_Component:
  - component: {fileID: 3928594770929217119}
  - component: {fileID: 3483897622693298768}
  - component: {fileID: 8419522744223360748}
  m_Layer: 5
  m_Name: Seconds Text
  m_TagString: Untagged
  m_Icon: {fileID: 0}
  m_NavMeshLayer: 0
  m_StaticEditorFlags: 0
  m_IsActive: 1
--- !u!224 &3928594770929217119
RectTransform:
  m_ObjectHideFlags: 0
  m_CorrespondingSourceObject: {fileID: 0}
  m_PrefabInstance: {fileID: 0}
  m_PrefabAsset: {fileID: 0}
  m_GameObject: {fileID: 815765825996880991}
  m_LocalRotation: {x: 0.6953458, y: -0.12842977, z: 0.12842977, w: 0.6953458}
  m_LocalPosition: {x: 0, y: 0, z: -0.9}
  m_LocalScale: {x: 0.01, y: 0.0100000035, z: 0.0100000035}
  m_Children: []
  m_Father: {fileID: 5983038422481053385}
  m_RootOrder: 1
  m_LocalEulerAnglesHint: {x: 90.00001, y: 0, z: 20.929}
  m_AnchorMin: {x: 0, y: 0}
  m_AnchorMax: {x: 1, y: 1}
  m_AnchoredPosition: {x: -494.69, y: -876.8281}
  m_SizeDelta: {x: -787.574, y: -1711.662}
  m_Pivot: {x: 0.5, y: 0.5}
--- !u!222 &3483897622693298768
CanvasRenderer:
  m_ObjectHideFlags: 0
  m_CorrespondingSourceObject: {fileID: 0}
  m_PrefabInstance: {fileID: 0}
  m_PrefabAsset: {fileID: 0}
  m_GameObject: {fileID: 815765825996880991}
  m_CullTransparentMesh: 0
--- !u!114 &8419522744223360748
MonoBehaviour:
  m_ObjectHideFlags: 0
  m_CorrespondingSourceObject: {fileID: 0}
  m_PrefabInstance: {fileID: 0}
  m_PrefabAsset: {fileID: 0}
  m_GameObject: {fileID: 815765825996880991}
  m_Enabled: 1
  m_EditorHideFlags: 0
  m_Script: {fileID: 11500000, guid: f4688fdb7df04437aeb418b961361dc5, type: 3}
  m_Name: 
  m_EditorClassIdentifier: 
  m_Material: {fileID: 0}
  m_Color: {r: 1, g: 1, b: 1, a: 1}
  m_RaycastTarget: 1
  m_OnCullStateChanged:
    m_PersistentCalls:
      m_Calls: []
    m_TypeName: UnityEngine.UI.MaskableGraphic+CullStateChangedEvent, UnityEngine.UI,
      Version=1.0.0.0, Culture=neutral, PublicKeyToken=null
  m_text: 'good luck

    this is hard'
  m_isRightToLeft: 0
  m_fontAsset: {fileID: 11400000, guid: c2114528e7279431e820b38ad43a916c, type: 2}
  m_sharedMaterial: {fileID: 6321171848169599628, guid: c2114528e7279431e820b38ad43a916c,
    type: 2}
  m_fontSharedMaterials: []
  m_fontMaterial: {fileID: 0}
  m_fontMaterials: []
  m_fontColor32:
    serializedVersion: 2
    rgba: 4294967295
  m_fontColor: {r: 1, g: 1, b: 1, a: 1}
  m_enableVertexGradient: 0
  m_colorMode: 3
  m_fontColorGradient:
    topLeft: {r: 1, g: 1, b: 1, a: 1}
    topRight: {r: 1, g: 1, b: 1, a: 1}
    bottomLeft: {r: 1, g: 1, b: 1, a: 1}
    bottomRight: {r: 1, g: 1, b: 1, a: 1}
  m_fontColorGradientPreset: {fileID: 0}
  m_spriteAsset: {fileID: 0}
  m_tintAllSprites: 0
  m_overrideHtmlColors: 0
  m_faceColor:
    serializedVersion: 2
    rgba: 4294967295
  m_outlineColor:
    serializedVersion: 2
    rgba: 4278190080
  m_fontSize: 20.2
  m_fontSizeBase: 60
  m_fontWeight: 400
  m_enableAutoSizing: 1
  m_fontSizeMin: 5
  m_fontSizeMax: 72
  m_fontStyle: 0
  m_textAlignment: 4128
  m_characterSpacing: 0
  m_wordSpacing: 0
  m_lineSpacing: 0
  m_lineSpacingMax: 0
  m_paragraphSpacing: 0
  m_charWidthMaxAdj: 0
  m_enableWordWrapping: 1
  m_wordWrappingRatios: 0.4
  m_overflowMode: 0
  m_firstOverflowCharacterIndex: -1
  m_linkedTextComponent: {fileID: 0}
  m_isLinkedTextComponent: 0
  m_isTextTruncated: 0
  m_enableKerning: 1
  m_enableExtraPadding: 0
  checkPaddingRequired: 0
  m_isRichText: 1
  m_parseCtrlCharacters: 1
  m_isOrthographic: 1
  m_isCullingEnabled: 0
  m_ignoreRectMaskCulling: 0
  m_ignoreCulling: 1
  m_horizontalMapping: 0
  m_verticalMapping: 0
  m_uvLineOffset: 0
  m_geometrySortingOrder: 0
  m_VertexBufferAutoSizeReduction: 1
  m_firstVisibleCharacter: 0
  m_useMaxVisibleDescender: 1
  m_pageToDisplay: 1
  m_margin: {x: 0, y: 0, z: -1.0562572, w: 0}
  m_textInfo:
    textComponent: {fileID: 8419522744223360748}
    characterCount: 22
    spriteCount: 0
    spaceCount: 4
    wordCount: 5
    linkCount: 0
    lineCount: 2
    pageCount: 1
    materialCount: 1
  m_isUsingLegacyAnimationComponent: 0
  m_isVolumetricText: 0
  m_spriteAnimator: {fileID: 0}
  m_hasFontAssetChanged: 0
  m_subTextObjects:
  - {fileID: 0}
  - {fileID: 0}
  - {fileID: 0}
  - {fileID: 0}
  - {fileID: 0}
  - {fileID: 0}
  - {fileID: 0}
  - {fileID: 0}
  m_baseMaterial: {fileID: 0}
  m_maskOffset: {x: 0, y: 0, z: 0, w: 0}
--- !u!1 &2470182904130750048
GameObject:
  m_ObjectHideFlags: 0
  m_CorrespondingSourceObject: {fileID: 0}
  m_PrefabInstance: {fileID: 0}
  m_PrefabAsset: {fileID: 0}
  serializedVersion: 6
  m_Component:
  - component: {fileID: 5983038422481053385}
  - component: {fileID: 8404794629261279728}
  - component: {fileID: 6726583529745581813}
  - component: {fileID: 4163448599521391381}
  m_Layer: 5
  m_Name: Canvas
  m_TagString: Untagged
  m_Icon: {fileID: 0}
  m_NavMeshLayer: 0
  m_StaticEditorFlags: 0
  m_IsActive: 1
--- !u!224 &5983038422481053385
RectTransform:
  m_ObjectHideFlags: 0
  m_CorrespondingSourceObject: {fileID: 0}
  m_PrefabInstance: {fileID: 0}
  m_PrefabAsset: {fileID: 0}
  m_GameObject: {fileID: 2470182904130750048}
  m_LocalRotation: {x: -0, y: -0, z: -0, w: 1}
  m_LocalPosition: {x: 0, y: 0, z: 0}
  m_LocalScale: {x: 0.1, y: 0.1, z: 0.1}
  m_Children:
  - {fileID: 5337096598413436851}
  - {fileID: 3928594770929217119}
  - {fileID: 9189496515573945700}
  - {fileID: 6985139202387817963}
  m_Father: {fileID: 3135459569612331513}
  m_RootOrder: 5
  m_LocalEulerAnglesHint: {x: 0, y: 0, z: 0}
  m_AnchorMin: {x: 0, y: 0}
  m_AnchorMax: {x: 0, y: 0}
  m_AnchoredPosition: {x: 49.399994, y: 87.79999}
  m_SizeDelta: {x: 988, y: 1756}
  m_Pivot: {x: 0.5, y: 0.5}
--- !u!223 &8404794629261279728
Canvas:
  m_ObjectHideFlags: 0
  m_CorrespondingSourceObject: {fileID: 0}
  m_PrefabInstance: {fileID: 0}
  m_PrefabAsset: {fileID: 0}
  m_GameObject: {fileID: 2470182904130750048}
  m_Enabled: 1
  serializedVersion: 3
  m_RenderMode: 2
  m_Camera: {fileID: 0}
  m_PlaneDistance: 100
  m_PixelPerfect: 0
  m_ReceivesEvents: 1
  m_OverrideSorting: 0
  m_OverridePixelPerfect: 0
  m_SortingBucketNormalizedSize: 0
  m_AdditionalShaderChannelsFlag: 25
  m_SortingLayerID: 0
  m_SortingOrder: 0
  m_TargetDisplay: 0
--- !u!114 &6726583529745581813
MonoBehaviour:
  m_ObjectHideFlags: 0
  m_CorrespondingSourceObject: {fileID: 0}
  m_PrefabInstance: {fileID: 0}
  m_PrefabAsset: {fileID: 0}
  m_GameObject: {fileID: 2470182904130750048}
  m_Enabled: 1
  m_EditorHideFlags: 0
  m_Script: {fileID: 1980459831, guid: f70555f144d8491a825f0804e09c671c, type: 3}
  m_Name: 
  m_EditorClassIdentifier: 
  m_UiScaleMode: 0
  m_ReferencePixelsPerUnit: 100
  m_ScaleFactor: 1
  m_ReferenceResolution: {x: 800, y: 600}
  m_ScreenMatchMode: 0
  m_MatchWidthOrHeight: 0
  m_PhysicalUnit: 3
  m_FallbackScreenDPI: 96
  m_DefaultSpriteDPI: 96
  m_DynamicPixelsPerUnit: 1
--- !u!114 &4163448599521391381
MonoBehaviour:
  m_ObjectHideFlags: 0
  m_CorrespondingSourceObject: {fileID: 0}
  m_PrefabInstance: {fileID: 0}
  m_PrefabAsset: {fileID: 0}
  m_GameObject: {fileID: 2470182904130750048}
  m_Enabled: 1
  m_EditorHideFlags: 0
  m_Script: {fileID: 1301386320, guid: f70555f144d8491a825f0804e09c671c, type: 3}
  m_Name: 
  m_EditorClassIdentifier: 
  m_IgnoreReversedGraphics: 1
  m_BlockingObjects: 0
  m_BlockingMask:
    serializedVersion: 2
    m_Bits: 4294967295
--- !u!1 &2582084034525692857
GameObject:
  m_ObjectHideFlags: 0
  m_CorrespondingSourceObject: {fileID: 0}
  m_PrefabInstance: {fileID: 0}
  m_PrefabAsset: {fileID: 0}
  serializedVersion: 6
  m_Component:
  - component: {fileID: 9189496515573945700}
  - component: {fileID: 1930997931816065829}
  - component: {fileID: 1786410567859037399}
  m_Layer: 5
  m_Name: Image
  m_TagString: Untagged
  m_Icon: {fileID: 0}
  m_NavMeshLayer: 0
  m_StaticEditorFlags: 0
  m_IsActive: 1
--- !u!224 &9189496515573945700
RectTransform:
  m_ObjectHideFlags: 0
  m_CorrespondingSourceObject: {fileID: 0}
  m_PrefabInstance: {fileID: 0}
  m_PrefabAsset: {fileID: 0}
  m_GameObject: {fileID: 2582084034525692857}
  m_LocalRotation: {x: 0.31618768, y: 0.6324757, z: -0.63247555, w: 0.31618756}
  m_LocalPosition: {x: 0, y: 0, z: 0.11}
  m_LocalScale: {x: 0.01, y: 0.0100000035, z: 0.0100000035}
  m_Children: []
  m_Father: {fileID: 5983038422481053385}
  m_RootOrder: 2
  m_LocalEulerAnglesHint: {x: 90.00001, y: 0, z: -126.87701}
  m_AnchorMin: {x: 0, y: 0}
  m_AnchorMax: {x: 1, y: 1}
  m_AnchoredPosition: {x: -492.58, y: -876.8491}
  m_SizeDelta: {x: -866.05994, y: -1729.4}
  m_Pivot: {x: 0.5, y: 0.5}
--- !u!222 &1930997931816065829
CanvasRenderer:
  m_ObjectHideFlags: 0
  m_CorrespondingSourceObject: {fileID: 0}
  m_PrefabInstance: {fileID: 0}
  m_PrefabAsset: {fileID: 0}
  m_GameObject: {fileID: 2582084034525692857}
  m_CullTransparentMesh: 0
--- !u!114 &1786410567859037399
MonoBehaviour:
  m_ObjectHideFlags: 0
  m_CorrespondingSourceObject: {fileID: 0}
  m_PrefabInstance: {fileID: 0}
  m_PrefabAsset: {fileID: 0}
  m_GameObject: {fileID: 2582084034525692857}
  m_Enabled: 1
  m_EditorHideFlags: 0
  m_Script: {fileID: -765806418, guid: f70555f144d8491a825f0804e09c671c, type: 3}
  m_Name: 
  m_EditorClassIdentifier: 
  m_Material: {fileID: 0}
  m_Color: {r: 1, g: 1, b: 1, a: 1}
  m_RaycastTarget: 1
  m_OnCullStateChanged:
    m_PersistentCalls:
      m_Calls: []
    m_TypeName: UnityEngine.UI.MaskableGraphic+CullStateChangedEvent, UnityEngine.UI,
      Version=1.0.0.0, Culture=neutral, PublicKeyToken=null
  m_Sprite: {fileID: 2832200098165293003, guid: fc1118bda55ed4daea3cd547bcd04db6,
    type: 3}
  m_Type: 0
  m_PreserveAspect: 1
  m_FillCenter: 1
  m_FillMethod: 4
  m_FillAmount: 1
  m_FillClockwise: 1
  m_FillOrigin: 0
  m_UseSpriteMesh: 0
--- !u!1 &2945726775813393235
GameObject:
  m_ObjectHideFlags: 0
  m_CorrespondingSourceObject: {fileID: 0}
  m_PrefabInstance: {fileID: 0}
  m_PrefabAsset: {fileID: 0}
  serializedVersion: 6
  m_Component:
  - component: {fileID: 2427413449868367561}
  - component: {fileID: 2146536275412668898}
  m_Layer: 0
  m_Name: Start
  m_TagString: Start
  m_Icon: {fileID: 0}
  m_NavMeshLayer: 0
  m_StaticEditorFlags: 0
  m_IsActive: 1
--- !u!4 &2427413449868367561
Transform:
  m_ObjectHideFlags: 0
  m_CorrespondingSourceObject: {fileID: 0}
  m_PrefabInstance: {fileID: 0}
  m_PrefabAsset: {fileID: 0}
  m_GameObject: {fileID: 2945726775813393235}
  m_LocalRotation: {x: 0, y: 0, z: 0, w: 1}
  m_LocalPosition: {x: 0.84187835, y: 0.16, z: -0.292}
  m_LocalScale: {x: 1, y: 1, z: 1}
  m_Children: []
  m_Father: {fileID: 3135459569612331513}
  m_RootOrder: 3
  m_LocalEulerAnglesHint: {x: 0, y: 0, z: 0}
--- !u!135 &2146536275412668898
SphereCollider:
  m_ObjectHideFlags: 0
  m_CorrespondingSourceObject: {fileID: 0}
  m_PrefabInstance: {fileID: 0}
  m_PrefabAsset: {fileID: 0}
  m_GameObject: {fileID: 2945726775813393235}
  m_Material: {fileID: 0}
  m_IsTrigger: 1
  m_Enabled: 1
  serializedVersion: 2
  m_Radius: 0.05
  m_Center: {x: 0, y: 0, z: 0}
--- !u!1 &3699248489590013694
GameObject:
  m_ObjectHideFlags: 0
  m_CorrespondingSourceObject: {fileID: 0}
  m_PrefabInstance: {fileID: 0}
  m_PrefabAsset: {fileID: 0}
  serializedVersion: 6
  m_Component:
  - component: {fileID: 3135459569612331513}
  - component: {fileID: 5874991803473816260}
  m_Layer: 0
  m_Name: Level 9
  m_TagString: Untagged
  m_Icon: {fileID: 0}
  m_NavMeshLayer: 0
  m_StaticEditorFlags: 0
  m_IsActive: 1
--- !u!4 &3135459569612331513
Transform:
  m_ObjectHideFlags: 0
  m_CorrespondingSourceObject: {fileID: 0}
  m_PrefabInstance: {fileID: 0}
  m_PrefabAsset: {fileID: 0}
  m_GameObject: {fileID: 3699248489590013694}
  m_LocalRotation: {x: 0, y: 0, z: 0, w: 1}
  m_LocalPosition: {x: 0, y: 0, z: 0}
  m_LocalScale: {x: 5, y: 5, z: 5}
  m_Children:
  - {fileID: 1060572218387126595}
  - {fileID: 8298368391211932435}
  - {fileID: 2922829228733812494}
  - {fileID: 2427413449868367561}
  - {fileID: 1652906317225643550}
  - {fileID: 5983038422481053385}
  m_Father: {fileID: 0}
  m_RootOrder: 0
  m_LocalEulerAnglesHint: {x: 0, y: 0, z: 0}
--- !u!114 &5874991803473816260
MonoBehaviour:
  m_ObjectHideFlags: 0
  m_CorrespondingSourceObject: {fileID: 0}
  m_PrefabInstance: {fileID: 0}
  m_PrefabAsset: {fileID: 0}
  m_GameObject: {fileID: 3699248489590013694}
  m_Enabled: 1
  m_EditorHideFlags: 0
  m_Script: {fileID: 11500000, guid: 0d38a2a67a6d84fcb984cf7eafb31f9d, type: 3}
  m_Name: 
  m_EditorClassIdentifier: 
  threeStars: 4
  twoStars: 6
  oneStar: 8
  currentStars: 0
  startPoint: {fileID: 2945726775813393235}
  endPoint: {fileID: 5753574054776718968}
  unlockableCoinImage: {fileID: -8410960445066163186, guid: b00d7a6861ab34c0585d63d535d5172b,
    type: 3}
--- !u!1 &5337096598413436850
GameObject:
  m_ObjectHideFlags: 0
  m_CorrespondingSourceObject: {fileID: 0}
  m_PrefabInstance: {fileID: 0}
  m_PrefabAsset: {fileID: 0}
  serializedVersion: 6
  m_Component:
  - component: {fileID: 5337096598413436851}
  - component: {fileID: 5337096598413436877}
  - component: {fileID: 5337096598413436876}
  m_Layer: 5
  m_Name: First Text
  m_TagString: Untagged
  m_Icon: {fileID: 0}
  m_NavMeshLayer: 0
  m_StaticEditorFlags: 0
  m_IsActive: 1
--- !u!224 &5337096598413436851
RectTransform:
  m_ObjectHideFlags: 0
  m_CorrespondingSourceObject: {fileID: 0}
  m_PrefabInstance: {fileID: 0}
  m_PrefabAsset: {fileID: 0}
  m_GameObject: {fileID: 5337096598413436850}
  m_LocalRotation: {x: 0.7070884, y: 0.0051110634, z: -0.0051111, w: 0.70708823}
  m_LocalPosition: {x: 0, y: 0, z: -1.44}
  m_LocalScale: {x: 0.010000002, y: 0.010000003, z: 0.010000003}
  m_Children: []
  m_Father: {fileID: 5983038422481053385}
  m_RootOrder: 0
  m_LocalEulerAnglesHint: {x: 90.00001, y: 0, z: -0.82800007}
  m_AnchorMin: {x: 0, y: 0}
  m_AnchorMax: {x: 1, y: 1}
  m_AnchoredPosition: {x: -489.35, y: -876.8281}
  m_SizeDelta: {x: -800.7077, y: -1707.2595}
  m_Pivot: {x: 0.5, y: 0.5}
--- !u!222 &5337096598413436877
CanvasRenderer:
  m_ObjectHideFlags: 0
  m_CorrespondingSourceObject: {fileID: 0}
  m_PrefabInstance: {fileID: 0}
  m_PrefabAsset: {fileID: 0}
  m_GameObject: {fileID: 5337096598413436850}
  m_CullTransparentMesh: 0
--- !u!114 &5337096598413436876
MonoBehaviour:
  m_ObjectHideFlags: 0
  m_CorrespondingSourceObject: {fileID: 0}
  m_PrefabInstance: {fileID: 0}
  m_PrefabAsset: {fileID: 0}
  m_GameObject: {fileID: 5337096598413436850}
  m_Enabled: 1
  m_EditorHideFlags: 0
  m_Script: {fileID: 11500000, guid: f4688fdb7df04437aeb418b961361dc5, type: 3}
  m_Name: 
  m_EditorClassIdentifier: 
  m_Material: {fileID: 0}
  m_Color: {r: 1, g: 1, b: 1, a: 1}
  m_RaycastTarget: 1
  m_OnCullStateChanged:
    m_PersistentCalls:
      m_Calls: []
    m_TypeName: UnityEngine.UI.MaskableGraphic+CullStateChangedEvent, UnityEngine.UI,
      Version=1.0.0.0, Culture=neutral, PublicKeyToken=null
  m_text: This is a hard level
  m_isRightToLeft: 0
  m_fontAsset: {fileID: 11400000, guid: c2114528e7279431e820b38ad43a916c, type: 2}
  m_sharedMaterial: {fileID: 6321171848169599628, guid: c2114528e7279431e820b38ad43a916c,
    type: 2}
  m_fontSharedMaterials: []
  m_fontMaterial: {fileID: 0}
  m_fontMaterials: []
  m_fontColor32:
    serializedVersion: 2
    rgba: 4294967295
  m_fontColor: {r: 1, g: 1, b: 1, a: 1}
  m_enableVertexGradient: 0
  m_colorMode: 3
  m_fontColorGradient:
    topLeft: {r: 1, g: 1, b: 1, a: 1}
    topRight: {r: 1, g: 1, b: 1, a: 1}
    bottomLeft: {r: 1, g: 1, b: 1, a: 1}
    bottomRight: {r: 1, g: 1, b: 1, a: 1}
  m_fontColorGradientPreset: {fileID: 0}
  m_spriteAsset: {fileID: 0}
  m_tintAllSprites: 0
  m_overrideHtmlColors: 0
  m_faceColor:
    serializedVersion: 2
    rgba: 4294967295
  m_outlineColor:
    serializedVersion: 2
    rgba: 4278190080
  m_fontSize: 22.2
  m_fontSizeBase: 60
  m_fontWeight: 400
  m_enableAutoSizing: 1
  m_fontSizeMin: 5
  m_fontSizeMax: 72
  m_fontStyle: 0
  m_textAlignment: 4128
  m_characterSpacing: 0
  m_wordSpacing: 0
  m_lineSpacing: 0
  m_lineSpacingMax: 0
  m_paragraphSpacing: 0
  m_charWidthMaxAdj: 0
  m_enableWordWrapping: 1
  m_wordWrappingRatios: 0.4
  m_overflowMode: 0
  m_firstOverflowCharacterIndex: -1
  m_linkedTextComponent: {fileID: 0}
  m_isLinkedTextComponent: 0
  m_isTextTruncated: 0
  m_enableKerning: 1
  m_enableExtraPadding: 0
  checkPaddingRequired: 0
  m_isRichText: 1
  m_parseCtrlCharacters: 1
  m_isOrthographic: 1
  m_isCullingEnabled: 0
  m_ignoreRectMaskCulling: 0
  m_ignoreCulling: 1
  m_horizontalMapping: 0
  m_verticalMapping: 0
  m_uvLineOffset: 0
  m_geometrySortingOrder: 0
  m_VertexBufferAutoSizeReduction: 1
  m_firstVisibleCharacter: 0
  m_useMaxVisibleDescender: 1
  m_pageToDisplay: 1
  m_margin: {x: 0, y: 0, z: 29.847645, w: 0}
  m_textInfo:
    textComponent: {fileID: 5337096598413436876}
    characterCount: 20
    spriteCount: 0
    spaceCount: 4
    wordCount: 5
    linkCount: 0
    lineCount: 2
    pageCount: 1
    materialCount: 1
  m_isUsingLegacyAnimationComponent: 0
  m_isVolumetricText: 0
  m_spriteAnimator: {fileID: 0}
  m_hasFontAssetChanged: 0
  m_subTextObjects:
  - {fileID: 0}
  - {fileID: 0}
  - {fileID: 0}
  - {fileID: 0}
  - {fileID: 0}
  - {fileID: 0}
  - {fileID: 0}
  - {fileID: 0}
  m_baseMaterial: {fileID: 0}
  m_maskOffset: {x: 0, y: 0, z: 0, w: 0}
--- !u!1 &5391894455948321667
GameObject:
  m_ObjectHideFlags: 0
  m_CorrespondingSourceObject: {fileID: 0}
  m_PrefabInstance: {fileID: 0}
  m_PrefabAsset: {fileID: 0}
  serializedVersion: 6
  m_Component:
  - component: {fileID: 6985139202387817963}
  - component: {fileID: 6157210792497404908}
  - component: {fileID: 1035376630407186223}
  m_Layer: 5
  m_Name: Image (1)
  m_TagString: Untagged
  m_Icon: {fileID: 0}
  m_NavMeshLayer: 0
  m_StaticEditorFlags: 0
  m_IsActive: 1
--- !u!224 &6985139202387817963
RectTransform:
  m_ObjectHideFlags: 0
  m_CorrespondingSourceObject: {fileID: 0}
  m_PrefabInstance: {fileID: 0}
  m_PrefabAsset: {fileID: 0}
  m_GameObject: {fileID: 5391894455948321667}
  m_LocalRotation: {x: 0.61148006, y: 0.3550946, z: -0.35509428, w: 0.6114802}
  m_LocalPosition: {x: 0, y: 0, z: -2.1300163}
  m_LocalScale: {x: 0.010000005, y: 0.010000005, z: 0.0100000035}
  m_Children: []
  m_Father: {fileID: 5983038422481053385}
  m_RootOrder: 3
  m_LocalEulerAnglesHint: {x: 90.00001, y: 0, z: -60.289}
  m_AnchorMin: {x: 0, y: 0}
  m_AnchorMax: {x: 1, y: 1}
  m_AnchoredPosition: {x: -492.62, y: -876.8496}
  m_SizeDelta: {x: -866.05994, y: -1729.4}
  m_Pivot: {x: 0.5, y: 0.5}
--- !u!222 &6157210792497404908
CanvasRenderer:
  m_ObjectHideFlags: 0
  m_CorrespondingSourceObject: {fileID: 0}
  m_PrefabInstance: {fileID: 0}
  m_PrefabAsset: {fileID: 0}
  m_GameObject: {fileID: 5391894455948321667}
  m_CullTransparentMesh: 0
--- !u!114 &1035376630407186223
MonoBehaviour:
  m_ObjectHideFlags: 0
  m_CorrespondingSourceObject: {fileID: 0}
  m_PrefabInstance: {fileID: 0}
  m_PrefabAsset: {fileID: 0}
  m_GameObject: {fileID: 5391894455948321667}
  m_Enabled: 1
  m_EditorHideFlags: 0
  m_Script: {fileID: -765806418, guid: f70555f144d8491a825f0804e09c671c, type: 3}
  m_Name: 
  m_EditorClassIdentifier: 
  m_Material: {fileID: 0}
  m_Color: {r: 1, g: 1, b: 1, a: 1}
  m_RaycastTarget: 1
  m_OnCullStateChanged:
    m_PersistentCalls:
      m_Calls: []
    m_TypeName: UnityEngine.UI.MaskableGraphic+CullStateChangedEvent, UnityEngine.UI,
      Version=1.0.0.0, Culture=neutral, PublicKeyToken=null
  m_Sprite: {fileID: 2832200098165293003, guid: fc1118bda55ed4daea3cd547bcd04db6,
    type: 3}
  m_Type: 0
  m_PreserveAspect: 1
  m_FillCenter: 1
  m_FillMethod: 4
  m_FillAmount: 1
  m_FillClockwise: 1
  m_FillOrigin: 0
  m_UseSpriteMesh: 0
--- !u!1 &8214991226312865291
GameObject:
  m_ObjectHideFlags: 0
  m_CorrespondingSourceObject: {fileID: 0}
  m_PrefabInstance: {fileID: 0}
  m_PrefabAsset: {fileID: 0}
  serializedVersion: 6
  m_Component:
  - component: {fileID: 2922829228733812494}
  m_Layer: 0
  m_Name: Objects
  m_TagString: Untagged
  m_Icon: {fileID: 0}
  m_NavMeshLayer: 0
  m_StaticEditorFlags: 0
  m_IsActive: 1
--- !u!4 &2922829228733812494
Transform:
  m_ObjectHideFlags: 0
  m_CorrespondingSourceObject: {fileID: 0}
  m_PrefabInstance: {fileID: 0}
  m_PrefabAsset: {fileID: 0}
  m_GameObject: {fileID: 8214991226312865291}
  m_LocalRotation: {x: -0, y: -0, z: -0, w: 1}
  m_LocalPosition: {x: 0, y: 0.095, z: 0}
  m_LocalScale: {x: 1, y: 1, z: 1}
  m_Children:
  - {fileID: 4551231416229259849}
  - {fileID: 3277659985147325678}
  - {fileID: 2334922141445169746}
  - {fileID: 8984972037933011224}
  - {fileID: 8908276762554036451}
  - {fileID: 1425136472014422952}
  - {fileID: 8972416354326323844}
  - {fileID: 6769924286505823223}
  - {fileID: 4048916421561411786}
  - {fileID: 5714262399112712899}
  - {fileID: 6798810091508399199}
  - {fileID: 1925918687289887729}
  - {fileID: 5606943644262636294}
  - {fileID: 6757854487254422343}
  - {fileID: 2945251816502834227}
  - {fileID: 2720035682985936427}
  - {fileID: 2651642175021724177}
  - {fileID: 1592395302602587887}
  m_Father: {fileID: 3135459569612331513}
  m_RootOrder: 2
  m_LocalEulerAnglesHint: {x: 0, y: 0, z: 0}
--- !u!1001 &50351562263877248
PrefabInstance:
  m_ObjectHideFlags: 0
  serializedVersion: 2
  m_Modification:
    m_TransformParent: {fileID: 2922829228733812494}
    m_Modifications:
    - target: {fileID: 3194045501061885794, guid: 2d8501881b82b0047970dd3d5fe352d7,
        type: 3}
      propertyPath: m_Name
      value: Ashtray (4)
      objectReference: {fileID: 0}
    - target: {fileID: 1875994080227138929, guid: 2d8501881b82b0047970dd3d5fe352d7,
        type: 3}
      propertyPath: m_LocalPosition.x
      value: 0.087
      objectReference: {fileID: 0}
    - target: {fileID: 1875994080227138929, guid: 2d8501881b82b0047970dd3d5fe352d7,
        type: 3}
      propertyPath: m_LocalPosition.y
      value: 0.0800399
      objectReference: {fileID: 0}
    - target: {fileID: 1875994080227138929, guid: 2d8501881b82b0047970dd3d5fe352d7,
        type: 3}
      propertyPath: m_LocalPosition.z
      value: -0.105
      objectReference: {fileID: 0}
    - target: {fileID: 1875994080227138929, guid: 2d8501881b82b0047970dd3d5fe352d7,
        type: 3}
      propertyPath: m_LocalRotation.x
      value: 0.6954001
      objectReference: {fileID: 0}
    - target: {fileID: 1875994080227138929, guid: 2d8501881b82b0047970dd3d5fe352d7,
        type: 3}
      propertyPath: m_LocalRotation.y
      value: -0.0047295215
      objectReference: {fileID: 0}
    - target: {fileID: 1875994080227138929, guid: 2d8501881b82b0047970dd3d5fe352d7,
        type: 3}
      propertyPath: m_LocalRotation.z
      value: -0.004887244
      objectReference: {fileID: 0}
    - target: {fileID: 1875994080227138929, guid: 2d8501881b82b0047970dd3d5fe352d7,
        type: 3}
      propertyPath: m_LocalRotation.w
      value: 0.7185906
      objectReference: {fileID: 0}
    - target: {fileID: 1875994080227138929, guid: 2d8501881b82b0047970dd3d5fe352d7,
        type: 3}
      propertyPath: m_RootOrder
      value: 11
      objectReference: {fileID: 0}
    - target: {fileID: 1875994080227138929, guid: 2d8501881b82b0047970dd3d5fe352d7,
        type: 3}
      propertyPath: m_LocalEulerAnglesHint.x
      value: 87.966
      objectReference: {fileID: 0}
    - target: {fileID: 1875994080227138929, guid: 2d8501881b82b0047970dd3d5fe352d7,
        type: 3}
      propertyPath: m_LocalEulerAnglesHint.y
      value: -22.517
      objectReference: {fileID: 0}
    - target: {fileID: 1875994080227138929, guid: 2d8501881b82b0047970dd3d5fe352d7,
        type: 3}
      propertyPath: m_LocalEulerAnglesHint.z
      value: -22.529001
      objectReference: {fileID: 0}
    - target: {fileID: 9204053836528935285, guid: 2d8501881b82b0047970dd3d5fe352d7,
        type: 3}
      propertyPath: m_Convex
      value: 1
      objectReference: {fileID: 0}
    m_RemovedComponents: []
  m_SourcePrefab: {fileID: 100100000, guid: 2d8501881b82b0047970dd3d5fe352d7, type: 3}
--- !u!4 &1925918687289887729 stripped
Transform:
  m_CorrespondingSourceObject: {fileID: 1875994080227138929, guid: 2d8501881b82b0047970dd3d5fe352d7,
    type: 3}
  m_PrefabInstance: {fileID: 50351562263877248}
  m_PrefabAsset: {fileID: 0}
--- !u!1001 &404198382172958266
PrefabInstance:
  m_ObjectHideFlags: 0
  serializedVersion: 2
  m_Modification:
    m_TransformParent: {fileID: 3135459569612331513}
    m_Modifications:
    - target: {fileID: 4427233329325983082, guid: 68c259836f6ad774bb1229d6b4d6a142,
        type: 3}
      propertyPath: m_Name
      value: Ground
      objectReference: {fileID: 0}
    - target: {fileID: 804992703378503545, guid: 68c259836f6ad774bb1229d6b4d6a142,
        type: 3}
      propertyPath: m_LocalPosition.x
      value: -0
      objectReference: {fileID: 0}
    - target: {fileID: 804992703378503545, guid: 68c259836f6ad774bb1229d6b4d6a142,
        type: 3}
      propertyPath: m_LocalPosition.y
      value: -0.7
      objectReference: {fileID: 0}
    - target: {fileID: 804992703378503545, guid: 68c259836f6ad774bb1229d6b4d6a142,
        type: 3}
      propertyPath: m_LocalPosition.z
      value: 0
      objectReference: {fileID: 0}
    - target: {fileID: 804992703378503545, guid: 68c259836f6ad774bb1229d6b4d6a142,
        type: 3}
      propertyPath: m_LocalRotation.x
      value: -0.7071068
      objectReference: {fileID: 0}
    - target: {fileID: 804992703378503545, guid: 68c259836f6ad774bb1229d6b4d6a142,
        type: 3}
      propertyPath: m_LocalRotation.y
      value: 0
      objectReference: {fileID: 0}
    - target: {fileID: 804992703378503545, guid: 68c259836f6ad774bb1229d6b4d6a142,
        type: 3}
      propertyPath: m_LocalRotation.z
      value: -0
      objectReference: {fileID: 0}
    - target: {fileID: 804992703378503545, guid: 68c259836f6ad774bb1229d6b4d6a142,
        type: 3}
      propertyPath: m_LocalRotation.w
      value: 0.7071068
      objectReference: {fileID: 0}
    - target: {fileID: 804992703378503545, guid: 68c259836f6ad774bb1229d6b4d6a142,
        type: 3}
      propertyPath: m_RootOrder
      value: 0
      objectReference: {fileID: 0}
    - target: {fileID: 804992703378503545, guid: 68c259836f6ad774bb1229d6b4d6a142,
        type: 3}
      propertyPath: m_LocalEulerAnglesHint.x
      value: 0
      objectReference: {fileID: 0}
    - target: {fileID: 804992703378503545, guid: 68c259836f6ad774bb1229d6b4d6a142,
        type: 3}
      propertyPath: m_LocalEulerAnglesHint.y
      value: 0
      objectReference: {fileID: 0}
    - target: {fileID: 804992703378503545, guid: 68c259836f6ad774bb1229d6b4d6a142,
        type: 3}
      propertyPath: m_LocalEulerAnglesHint.z
      value: 0
      objectReference: {fileID: 0}
    - target: {fileID: 2687636658474250678, guid: 68c259836f6ad774bb1229d6b4d6a142,
        type: 3}
      propertyPath: m_Materials.Array.data[0]
      value: 
      objectReference: {fileID: 2100000, guid: 5f49491d5a68bff4db916d0ad86d0462, type: 2}
    m_RemovedComponents: []
  m_SourcePrefab: {fileID: 100100000, guid: 68c259836f6ad774bb1229d6b4d6a142, type: 3}
--- !u!4 &1060572218387126595 stripped
Transform:
  m_CorrespondingSourceObject: {fileID: 804992703378503545, guid: 68c259836f6ad774bb1229d6b4d6a142,
    type: 3}
  m_PrefabInstance: {fileID: 404198382172958266}
  m_PrefabAsset: {fileID: 0}
--- !u!1001 &2465855648173487547
PrefabInstance:
  m_ObjectHideFlags: 0
  serializedVersion: 2
  m_Modification:
    m_TransformParent: {fileID: 2922829228733812494}
    m_Modifications:
    - target: {fileID: 3194045501061885794, guid: 2d8501881b82b0047970dd3d5fe352d7,
        type: 3}
      propertyPath: m_Name
      value: Ashtray (1)
      objectReference: {fileID: 0}
    - target: {fileID: 1875994080227138929, guid: 2d8501881b82b0047970dd3d5fe352d7,
        type: 3}
      propertyPath: m_LocalPosition.x
      value: 0.2023
      objectReference: {fileID: 0}
    - target: {fileID: 1875994080227138929, guid: 2d8501881b82b0047970dd3d5fe352d7,
        type: 3}
      propertyPath: m_LocalPosition.y
      value: 0.06739998
      objectReference: {fileID: 0}
    - target: {fileID: 1875994080227138929, guid: 2d8501881b82b0047970dd3d5fe352d7,
        type: 3}
      propertyPath: m_LocalPosition.z
      value: -0.28680006
      objectReference: {fileID: 0}
    - target: {fileID: 1875994080227138929, guid: 2d8501881b82b0047970dd3d5fe352d7,
        type: 3}
      propertyPath: m_LocalRotation.x
      value: 0.7071068
      objectReference: {fileID: 0}
    - target: {fileID: 1875994080227138929, guid: 2d8501881b82b0047970dd3d5fe352d7,
        type: 3}
      propertyPath: m_LocalRotation.y
      value: 0
      objectReference: {fileID: 0}
    - target: {fileID: 1875994080227138929, guid: 2d8501881b82b0047970dd3d5fe352d7,
        type: 3}
      propertyPath: m_LocalRotation.z
      value: 0
      objectReference: {fileID: 0}
    - target: {fileID: 1875994080227138929, guid: 2d8501881b82b0047970dd3d5fe352d7,
        type: 3}
      propertyPath: m_LocalRotation.w
      value: 0.7071068
      objectReference: {fileID: 0}
    - target: {fileID: 1875994080227138929, guid: 2d8501881b82b0047970dd3d5fe352d7,
        type: 3}
      propertyPath: m_RootOrder
      value: 8
      objectReference: {fileID: 0}
    - target: {fileID: 1875994080227138929, guid: 2d8501881b82b0047970dd3d5fe352d7,
        type: 3}
      propertyPath: m_LocalEulerAnglesHint.x
      value: 90
      objectReference: {fileID: 0}
    - target: {fileID: 1875994080227138929, guid: 2d8501881b82b0047970dd3d5fe352d7,
        type: 3}
      propertyPath: m_LocalEulerAnglesHint.y
      value: 0
      objectReference: {fileID: 0}
    - target: {fileID: 1875994080227138929, guid: 2d8501881b82b0047970dd3d5fe352d7,
        type: 3}
      propertyPath: m_LocalEulerAnglesHint.z
      value: 0
      objectReference: {fileID: 0}
    m_RemovedComponents: []
  m_SourcePrefab: {fileID: 100100000, guid: 2d8501881b82b0047970dd3d5fe352d7, type: 3}
--- !u!4 &4048916421561411786 stripped
Transform:
  m_CorrespondingSourceObject: {fileID: 1875994080227138929, guid: 2d8501881b82b0047970dd3d5fe352d7,
    type: 3}
  m_PrefabInstance: {fileID: 2465855648173487547}
  m_PrefabAsset: {fileID: 0}
--- !u!1001 &2539640362647365730
PrefabInstance:
  m_ObjectHideFlags: 0
  serializedVersion: 2
  m_Modification:
    m_TransformParent: {fileID: 2922829228733812494}
    m_Modifications:
    - target: {fileID: 3819769355731302435, guid: 60fd69f5ece6cf84c94e9c6477548a04,
        type: 3}
      propertyPath: m_Name
      value: Beer bottle (2)
      objectReference: {fileID: 0}
    - target: {fileID: 241455112938031664, guid: 60fd69f5ece6cf84c94e9c6477548a04,
        type: 3}
      propertyPath: m_LocalPosition.x
      value: 0.2639998
      objectReference: {fileID: 0}
    - target: {fileID: 241455112938031664, guid: 60fd69f5ece6cf84c94e9c6477548a04,
        type: 3}
      propertyPath: m_LocalPosition.y
      value: 0.020000005
      objectReference: {fileID: 0}
    - target: {fileID: 241455112938031664, guid: 60fd69f5ece6cf84c94e9c6477548a04,
        type: 3}
      propertyPath: m_LocalPosition.z
      value: -0.122999825
      objectReference: {fileID: 0}
    - target: {fileID: 241455112938031664, guid: 60fd69f5ece6cf84c94e9c6477548a04,
        type: 3}
      propertyPath: m_LocalRotation.x
      value: 0.31759775
      objectReference: {fileID: 0}
    - target: {fileID: 241455112938031664, guid: 60fd69f5ece6cf84c94e9c6477548a04,
        type: 3}
      propertyPath: m_LocalRotation.y
      value: -0.6317687
      objectReference: {fileID: 0}
    - target: {fileID: 241455112938031664, guid: 60fd69f5ece6cf84c94e9c6477548a04,
        type: 3}
      propertyPath: m_LocalRotation.z
      value: -0.63176805
      objectReference: {fileID: 0}
    - target: {fileID: 241455112938031664, guid: 60fd69f5ece6cf84c94e9c6477548a04,
        type: 3}
      propertyPath: m_LocalRotation.w
      value: -0.317599
      objectReference: {fileID: 0}
    - target: {fileID: 241455112938031664, guid: 60fd69f5ece6cf84c94e9c6477548a04,
        type: 3}
      propertyPath: m_RootOrder
      value: 2
      objectReference: {fileID: 0}
    - target: {fileID: 241455112938031664, guid: 60fd69f5ece6cf84c94e9c6477548a04,
        type: 3}
      propertyPath: m_LocalEulerAnglesHint.x
      value: -90.00001
      objectReference: {fileID: 0}
    - target: {fileID: 241455112938031664, guid: 60fd69f5ece6cf84c94e9c6477548a04,
        type: 3}
      propertyPath: m_LocalEulerAnglesHint.y
      value: 0
      objectReference: {fileID: 0}
    - target: {fileID: 241455112938031664, guid: 60fd69f5ece6cf84c94e9c6477548a04,
        type: 3}
      propertyPath: m_LocalEulerAnglesHint.z
      value: 486.621
      objectReference: {fileID: 0}
    m_RemovedComponents: []
  m_SourcePrefab: {fileID: 100100000, guid: 60fd69f5ece6cf84c94e9c6477548a04, type: 3}
--- !u!4 &2334922141445169746 stripped
Transform:
  m_CorrespondingSourceObject: {fileID: 241455112938031664, guid: 60fd69f5ece6cf84c94e9c6477548a04,
    type: 3}
  m_PrefabInstance: {fileID: 2539640362647365730}
  m_PrefabAsset: {fileID: 0}
--- !u!1001 &3325138947438831326
PrefabInstance:
  m_ObjectHideFlags: 0
  serializedVersion: 2
  m_Modification:
    m_TransformParent: {fileID: 2922829228733812494}
    m_Modifications:
    - target: {fileID: 3819769355731302435, guid: 60fd69f5ece6cf84c94e9c6477548a04,
        type: 3}
      propertyPath: m_Name
      value: Beer bottle (1)
      objectReference: {fileID: 0}
    - target: {fileID: 241455112938031664, guid: 60fd69f5ece6cf84c94e9c6477548a04,
        type: 3}
      propertyPath: m_LocalPosition.x
      value: 0.20729999
      objectReference: {fileID: 0}
    - target: {fileID: 241455112938031664, guid: 60fd69f5ece6cf84c94e9c6477548a04,
        type: 3}
      propertyPath: m_LocalPosition.y
      value: 0.02
      objectReference: {fileID: 0}
    - target: {fileID: 241455112938031664, guid: 60fd69f5ece6cf84c94e9c6477548a04,
        type: 3}
      propertyPath: m_LocalPosition.z
      value: -0.102600016
      objectReference: {fileID: 0}
    - target: {fileID: 241455112938031664, guid: 60fd69f5ece6cf84c94e9c6477548a04,
        type: 3}
      propertyPath: m_LocalRotation.x
      value: 0.67458093
      objectReference: {fileID: 0}
    - target: {fileID: 241455112938031664, guid: 60fd69f5ece6cf84c94e9c6477548a04,
        type: 3}
      propertyPath: m_LocalRotation.y
      value: -0.21198995
      objectReference: {fileID: 0}
    - target: {fileID: 241455112938031664, guid: 60fd69f5ece6cf84c94e9c6477548a04,
        type: 3}
      propertyPath: m_LocalRotation.z
      value: -0.21199042
      objectReference: {fileID: 0}
    - target: {fileID: 241455112938031664, guid: 60fd69f5ece6cf84c94e9c6477548a04,
        type: 3}
      propertyPath: m_LocalRotation.w
      value: -0.674582
      objectReference: {fileID: 0}
    - target: {fileID: 241455112938031664, guid: 60fd69f5ece6cf84c94e9c6477548a04,
        type: 3}
      propertyPath: m_RootOrder
      value: 1
      objectReference: {fileID: 0}
    - target: {fileID: 241455112938031664, guid: 60fd69f5ece6cf84c94e9c6477548a04,
        type: 3}
      propertyPath: m_LocalEulerAnglesHint.x
      value: -90.00001
      objectReference: {fileID: 0}
    - target: {fileID: 241455112938031664, guid: 60fd69f5ece6cf84c94e9c6477548a04,
        type: 3}
      propertyPath: m_LocalEulerAnglesHint.y
      value: 0
      objectReference: {fileID: 0}
    - target: {fileID: 241455112938031664, guid: 60fd69f5ece6cf84c94e9c6477548a04,
        type: 3}
      propertyPath: m_LocalEulerAnglesHint.z
      value: 394.891
      objectReference: {fileID: 0}
    m_RemovedComponents: []
  m_SourcePrefab: {fileID: 100100000, guid: 60fd69f5ece6cf84c94e9c6477548a04, type: 3}
--- !u!4 &3277659985147325678 stripped
Transform:
  m_CorrespondingSourceObject: {fileID: 241455112938031664, guid: 60fd69f5ece6cf84c94e9c6477548a04,
    type: 3}
  m_PrefabInstance: {fileID: 3325138947438831326}
  m_PrefabAsset: {fileID: 0}
--- !u!1001 &4355239196264161401
PrefabInstance:
  m_ObjectHideFlags: 0
  serializedVersion: 2
  m_Modification:
    m_TransformParent: {fileID: 2922829228733812494}
    m_Modifications:
    - target: {fileID: 3819769355731302435, guid: 60fd69f5ece6cf84c94e9c6477548a04,
        type: 3}
      propertyPath: m_Name
      value: Beer bottle
      objectReference: {fileID: 0}
    - target: {fileID: 241455112938031664, guid: 60fd69f5ece6cf84c94e9c6477548a04,
        type: 3}
      propertyPath: m_LocalPosition.x
      value: 0.080999844
      objectReference: {fileID: 0}
    - target: {fileID: 241455112938031664, guid: 60fd69f5ece6cf84c94e9c6477548a04,
        type: 3}
      propertyPath: m_LocalPosition.y
      value: 0.020000005
      objectReference: {fileID: 0}
    - target: {fileID: 241455112938031664, guid: 60fd69f5ece6cf84c94e9c6477548a04,
        type: 3}
      propertyPath: m_LocalPosition.z
      value: 0.11700008
      objectReference: {fileID: 0}
    - target: {fileID: 241455112938031664, guid: 60fd69f5ece6cf84c94e9c6477548a04,
        type: 3}
      propertyPath: m_LocalRotation.x
      value: 0.5035496
      objectReference: {fileID: 0}
    - target: {fileID: 241455112938031664, guid: 60fd69f5ece6cf84c94e9c6477548a04,
        type: 3}
      propertyPath: m_LocalRotation.y
      value: -0.49642456
      objectReference: {fileID: 0}
    - target: {fileID: 241455112938031664, guid: 60fd69f5ece6cf84c94e9c6477548a04,
        type: 3}
      propertyPath: m_LocalRotation.z
      value: -0.4964244
      objectReference: {fileID: 0}
    - target: {fileID: 241455112938031664, guid: 60fd69f5ece6cf84c94e9c6477548a04,
        type: 3}
      propertyPath: m_LocalRotation.w
      value: -0.50355077
      objectReference: {fileID: 0}
    - target: {fileID: 241455112938031664, guid: 60fd69f5ece6cf84c94e9c6477548a04,
        type: 3}
      propertyPath: m_RootOrder
      value: 0
      objectReference: {fileID: 0}
    - target: {fileID: 241455112938031664, guid: 60fd69f5ece6cf84c94e9c6477548a04,
        type: 3}
      propertyPath: m_LocalEulerAnglesHint.x
      value: -90.00001
      objectReference: {fileID: 0}
    - target: {fileID: 241455112938031664, guid: 60fd69f5ece6cf84c94e9c6477548a04,
        type: 3}
      propertyPath: m_LocalEulerAnglesHint.y
      value: 0
      objectReference: {fileID: 0}
    - target: {fileID: 241455112938031664, guid: 60fd69f5ece6cf84c94e9c6477548a04,
        type: 3}
      propertyPath: m_LocalEulerAnglesHint.z
      value: 449.183
      objectReference: {fileID: 0}
    m_RemovedComponents: []
  m_SourcePrefab: {fileID: 100100000, guid: 60fd69f5ece6cf84c94e9c6477548a04, type: 3}
--- !u!4 &4551231416229259849 stripped
Transform:
  m_CorrespondingSourceObject: {fileID: 241455112938031664, guid: 60fd69f5ece6cf84c94e9c6477548a04,
    type: 3}
  m_PrefabInstance: {fileID: 4355239196264161401}
  m_PrefabAsset: {fileID: 0}
--- !u!1001 &4490929905448474542
PrefabInstance:
  m_ObjectHideFlags: 0
  serializedVersion: 2
  m_Modification:
    m_TransformParent: {fileID: 3135459569612331513}
    m_Modifications:
    - target: {fileID: 8181406554276336086, guid: 1f9ffc59fd18242be8a884fa2a4da12c,
        type: 3}
      propertyPath: m_Name
      value: End
      objectReference: {fileID: 0}
    - target: {fileID: 2928097861400041904, guid: 1f9ffc59fd18242be8a884fa2a4da12c,
        type: 3}
      propertyPath: m_LocalPosition.x
      value: 0.189
      objectReference: {fileID: 0}
    - target: {fileID: 2928097861400041904, guid: 1f9ffc59fd18242be8a884fa2a4da12c,
        type: 3}
      propertyPath: m_LocalPosition.y
      value: 0.114
      objectReference: {fileID: 0}
    - target: {fileID: 2928097861400041904, guid: 1f9ffc59fd18242be8a884fa2a4da12c,
        type: 3}
      propertyPath: m_LocalPosition.z
      value: 0.082
      objectReference: {fileID: 0}
    - target: {fileID: 2928097861400041904, guid: 1f9ffc59fd18242be8a884fa2a4da12c,
        type: 3}
      propertyPath: m_LocalRotation.x
      value: 0.32710153
      objectReference: {fileID: 0}
    - target: {fileID: 2928097861400041904, guid: 1f9ffc59fd18242be8a884fa2a4da12c,
        type: 3}
      propertyPath: m_LocalRotation.y
      value: 0.6269015
      objectReference: {fileID: 0}
    - target: {fileID: 2928097861400041904, guid: 1f9ffc59fd18242be8a884fa2a4da12c,
        type: 3}
      propertyPath: m_LocalRotation.z
      value: -0.6269001
      objectReference: {fileID: 0}
    - target: {fileID: 2928097861400041904, guid: 1f9ffc59fd18242be8a884fa2a4da12c,
        type: 3}
      propertyPath: m_LocalRotation.w
      value: 0.32710165
      objectReference: {fileID: 0}
    - target: {fileID: 2928097861400041904, guid: 1f9ffc59fd18242be8a884fa2a4da12c,
        type: 3}
      propertyPath: m_RootOrder
      value: 4
      objectReference: {fileID: 0}
    - target: {fileID: 2928097861400041904, guid: 1f9ffc59fd18242be8a884fa2a4da12c,
        type: 3}
      propertyPath: m_LocalEulerAnglesHint.x
      value: 90.00001
      objectReference: {fileID: 0}
    - target: {fileID: 2928097861400041904, guid: 1f9ffc59fd18242be8a884fa2a4da12c,
        type: 3}
      propertyPath: m_LocalEulerAnglesHint.y
      value: 0
      objectReference: {fileID: 0}
    - target: {fileID: 2928097861400041904, guid: 1f9ffc59fd18242be8a884fa2a4da12c,
        type: 3}
      propertyPath: m_LocalEulerAnglesHint.z
      value: -124.89101
      objectReference: {fileID: 0}
    m_RemovedComponents: []
  m_SourcePrefab: {fileID: 100100000, guid: 1f9ffc59fd18242be8a884fa2a4da12c, type: 3}
--- !u!4 &1652906317225643550 stripped
Transform:
  m_CorrespondingSourceObject: {fileID: 2928097861400041904, guid: 1f9ffc59fd18242be8a884fa2a4da12c,
    type: 3}
  m_PrefabInstance: {fileID: 4490929905448474542}
  m_PrefabAsset: {fileID: 0}
--- !u!1 &5753574054776718968 stripped
GameObject:
  m_CorrespondingSourceObject: {fileID: 8181406554276336086, guid: 1f9ffc59fd18242be8a884fa2a4da12c,
    type: 3}
  m_PrefabInstance: {fileID: 4490929905448474542}
  m_PrefabAsset: {fileID: 0}
--- !u!1001 &4923251796381425966
PrefabInstance:
  m_ObjectHideFlags: 0
  serializedVersion: 2
  m_Modification:
    m_TransformParent: {fileID: 2922829228733812494}
    m_Modifications:
    - target: {fileID: 3194045501061885794, guid: 2d8501881b82b0047970dd3d5fe352d7,
        type: 3}
      propertyPath: m_Name
      value: Ashtray (3)
      objectReference: {fileID: 0}
    - target: {fileID: 1875994080227138929, guid: 2d8501881b82b0047970dd3d5fe352d7,
        type: 3}
      propertyPath: m_LocalPosition.x
      value: 0.082
      objectReference: {fileID: 0}
    - target: {fileID: 1875994080227138929, guid: 2d8501881b82b0047970dd3d5fe352d7,
        type: 3}
      propertyPath: m_LocalPosition.y
      value: 0.0476
      objectReference: {fileID: 0}
    - target: {fileID: 1875994080227138929, guid: 2d8501881b82b0047970dd3d5fe352d7,
        type: 3}
      propertyPath: m_LocalPosition.z
      value: -0.099
      objectReference: {fileID: 0}
    - target: {fileID: 1875994080227138929, guid: 2d8501881b82b0047970dd3d5fe352d7,
        type: 3}
      propertyPath: m_LocalRotation.x
      value: 0.7071068
      objectReference: {fileID: 0}
    - target: {fileID: 1875994080227138929, guid: 2d8501881b82b0047970dd3d5fe352d7,
        type: 3}
      propertyPath: m_LocalRotation.y
      value: 0
      objectReference: {fileID: 0}
    - target: {fileID: 1875994080227138929, guid: 2d8501881b82b0047970dd3d5fe352d7,
        type: 3}
      propertyPath: m_LocalRotation.z
      value: 0
      objectReference: {fileID: 0}
    - target: {fileID: 1875994080227138929, guid: 2d8501881b82b0047970dd3d5fe352d7,
        type: 3}
      propertyPath: m_LocalRotation.w
      value: 0.7071068
      objectReference: {fileID: 0}
    - target: {fileID: 1875994080227138929, guid: 2d8501881b82b0047970dd3d5fe352d7,
        type: 3}
      propertyPath: m_RootOrder
      value: 10
      objectReference: {fileID: 0}
    - target: {fileID: 1875994080227138929, guid: 2d8501881b82b0047970dd3d5fe352d7,
        type: 3}
      propertyPath: m_LocalEulerAnglesHint.x
      value: 90
      objectReference: {fileID: 0}
    - target: {fileID: 1875994080227138929, guid: 2d8501881b82b0047970dd3d5fe352d7,
        type: 3}
      propertyPath: m_LocalEulerAnglesHint.y
      value: 0
      objectReference: {fileID: 0}
    - target: {fileID: 1875994080227138929, guid: 2d8501881b82b0047970dd3d5fe352d7,
        type: 3}
      propertyPath: m_LocalEulerAnglesHint.z
      value: 0
      objectReference: {fileID: 0}
    m_RemovedComponents: []
  m_SourcePrefab: {fileID: 100100000, guid: 2d8501881b82b0047970dd3d5fe352d7, type: 3}
--- !u!4 &6798810091508399199 stripped
Transform:
  m_CorrespondingSourceObject: {fileID: 1875994080227138929, guid: 2d8501881b82b0047970dd3d5fe352d7,
    type: 3}
  m_PrefabInstance: {fileID: 4923251796381425966}
  m_PrefabAsset: {fileID: 0}
--- !u!1001 &5662730816165712182
PrefabInstance:
  m_ObjectHideFlags: 0
  serializedVersion: 2
  m_Modification:
    m_TransformParent: {fileID: 2922829228733812494}
    m_Modifications:
    - target: {fileID: 3819769355731302435, guid: 60fd69f5ece6cf84c94e9c6477548a04,
        type: 3}
      propertyPath: m_Name
      value: Beer bottle (5)
      objectReference: {fileID: 0}
    - target: {fileID: 241455112938031664, guid: 60fd69f5ece6cf84c94e9c6477548a04,
        type: 3}
      propertyPath: m_LocalPosition.x
      value: 0.094799995
      objectReference: {fileID: 0}
    - target: {fileID: 241455112938031664, guid: 60fd69f5ece6cf84c94e9c6477548a04,
        type: 3}
      propertyPath: m_LocalPosition.y
      value: 0.02
      objectReference: {fileID: 0}
    - target: {fileID: 241455112938031664, guid: 60fd69f5ece6cf84c94e9c6477548a04,
        type: 3}
      propertyPath: m_LocalPosition.z
      value: 0.056599997
      objectReference: {fileID: 0}
    - target: {fileID: 241455112938031664, guid: 60fd69f5ece6cf84c94e9c6477548a04,
        type: 3}
      propertyPath: m_LocalRotation.x
      value: 0.67458093
      objectReference: {fileID: 0}
    - target: {fileID: 241455112938031664, guid: 60fd69f5ece6cf84c94e9c6477548a04,
        type: 3}
      propertyPath: m_LocalRotation.y
      value: -0.21198995
      objectReference: {fileID: 0}
    - target: {fileID: 241455112938031664, guid: 60fd69f5ece6cf84c94e9c6477548a04,
        type: 3}
      propertyPath: m_LocalRotation.z
      value: -0.21199042
      objectReference: {fileID: 0}
    - target: {fileID: 241455112938031664, guid: 60fd69f5ece6cf84c94e9c6477548a04,
        type: 3}
      propertyPath: m_LocalRotation.w
      value: -0.674582
      objectReference: {fileID: 0}
    - target: {fileID: 241455112938031664, guid: 60fd69f5ece6cf84c94e9c6477548a04,
        type: 3}
      propertyPath: m_RootOrder
      value: 12
      objectReference: {fileID: 0}
    - target: {fileID: 241455112938031664, guid: 60fd69f5ece6cf84c94e9c6477548a04,
        type: 3}
      propertyPath: m_LocalEulerAnglesHint.x
      value: -90.00001
      objectReference: {fileID: 0}
    - target: {fileID: 241455112938031664, guid: 60fd69f5ece6cf84c94e9c6477548a04,
        type: 3}
      propertyPath: m_LocalEulerAnglesHint.y
      value: 0
      objectReference: {fileID: 0}
    - target: {fileID: 241455112938031664, guid: 60fd69f5ece6cf84c94e9c6477548a04,
        type: 3}
      propertyPath: m_LocalEulerAnglesHint.z
      value: 394.891
      objectReference: {fileID: 0}
    m_RemovedComponents: []
  m_SourcePrefab: {fileID: 100100000, guid: 60fd69f5ece6cf84c94e9c6477548a04, type: 3}
--- !u!4 &5606943644262636294 stripped
Transform:
  m_CorrespondingSourceObject: {fileID: 241455112938031664, guid: 60fd69f5ece6cf84c94e9c6477548a04,
    type: 3}
  m_PrefabInstance: {fileID: 5662730816165712182}
  m_PrefabAsset: {fileID: 0}
--- !u!1001 &6144596324949987250
PrefabInstance:
  m_ObjectHideFlags: 0
  serializedVersion: 2
  m_Modification:
    m_TransformParent: {fileID: 2922829228733812494}
    m_Modifications:
    - target: {fileID: 3194045501061885794, guid: 2d8501881b82b0047970dd3d5fe352d7,
        type: 3}
      propertyPath: m_Name
      value: Ashtray (2)
      objectReference: {fileID: 0}
    - target: {fileID: 1875994080227138929, guid: 2d8501881b82b0047970dd3d5fe352d7,
        type: 3}
      propertyPath: m_LocalPosition.x
      value: 0.20730141
      objectReference: {fileID: 0}
    - target: {fileID: 1875994080227138929, guid: 2d8501881b82b0047970dd3d5fe352d7,
        type: 3}
      propertyPath: m_LocalPosition.y
      value: 0.10046289
      objectReference: {fileID: 0}
    - target: {fileID: 1875994080227138929, guid: 2d8501881b82b0047970dd3d5fe352d7,
        type: 3}
      propertyPath: m_LocalPosition.z
      value: -0.29343566
      objectReference: {fileID: 0}
    - target: {fileID: 1875994080227138929, guid: 2d8501881b82b0047970dd3d5fe352d7,
        type: 3}
      propertyPath: m_LocalRotation.x
      value: 0.7071068
      objectReference: {fileID: 0}
    - target: {fileID: 1875994080227138929, guid: 2d8501881b82b0047970dd3d5fe352d7,
        type: 3}
      propertyPath: m_LocalRotation.y
      value: 0
      objectReference: {fileID: 0}
    - target: {fileID: 1875994080227138929, guid: 2d8501881b82b0047970dd3d5fe352d7,
        type: 3}
      propertyPath: m_LocalRotation.z
      value: 0
      objectReference: {fileID: 0}
    - target: {fileID: 1875994080227138929, guid: 2d8501881b82b0047970dd3d5fe352d7,
        type: 3}
      propertyPath: m_LocalRotation.w
      value: 0.7071068
      objectReference: {fileID: 0}
    - target: {fileID: 1875994080227138929, guid: 2d8501881b82b0047970dd3d5fe352d7,
        type: 3}
      propertyPath: m_RootOrder
      value: 9
      objectReference: {fileID: 0}
    - target: {fileID: 1875994080227138929, guid: 2d8501881b82b0047970dd3d5fe352d7,
        type: 3}
      propertyPath: m_LocalEulerAnglesHint.x
      value: 94.32898
      objectReference: {fileID: 0}
    - target: {fileID: 1875994080227138929, guid: 2d8501881b82b0047970dd3d5fe352d7,
        type: 3}
      propertyPath: m_LocalEulerAnglesHint.y
      value: 158.543
      objectReference: {fileID: 0}
    - target: {fileID: 1875994080227138929, guid: 2d8501881b82b0047970dd3d5fe352d7,
        type: 3}
      propertyPath: m_LocalEulerAnglesHint.z
      value: 158.532
      objectReference: {fileID: 0}
    - target: {fileID: 9204053836528935285, guid: 2d8501881b82b0047970dd3d5fe352d7,
        type: 3}
      propertyPath: m_Convex
      value: 1
      objectReference: {fileID: 0}
    m_RemovedComponents: []
  m_SourcePrefab: {fileID: 100100000, guid: 2d8501881b82b0047970dd3d5fe352d7, type: 3}
--- !u!4 &5714262399112712899 stripped
Transform:
  m_CorrespondingSourceObject: {fileID: 1875994080227138929, guid: 2d8501881b82b0047970dd3d5fe352d7,
    type: 3}
  m_PrefabInstance: {fileID: 6144596324949987250}
  m_PrefabAsset: {fileID: 0}
--- !u!1001 &6215629133831771768
PrefabInstance:
  m_ObjectHideFlags: 0
  serializedVersion: 2
  m_Modification:
    m_TransformParent: {fileID: 2922829228733812494}
    m_Modifications:
    - target: {fileID: 5244057998777897048, guid: 89580e58cf2eab146ba2aeabb173f63e,
        type: 3}
      propertyPath: m_Name
      value: Cigarette
      objectReference: {fileID: 0}
    - target: {fileID: 9123724603047617099, guid: 89580e58cf2eab146ba2aeabb173f63e,
        type: 3}
      propertyPath: m_LocalPosition.x
      value: 0.17060748
      objectReference: {fileID: 0}
    - target: {fileID: 9123724603047617099, guid: 89580e58cf2eab146ba2aeabb173f63e,
        type: 3}
      propertyPath: m_LocalPosition.y
      value: 0.10940002
      objectReference: {fileID: 0}
    - target: {fileID: 9123724603047617099, guid: 89580e58cf2eab146ba2aeabb173f63e,
        type: 3}
      propertyPath: m_LocalPosition.z
      value: -0.3049852
      objectReference: {fileID: 0}
    - target: {fileID: 9123724603047617099, guid: 89580e58cf2eab146ba2aeabb173f63e,
        type: 3}
      propertyPath: m_LocalRotation.x
      value: -0
      objectReference: {fileID: 0}
    - target: {fileID: 9123724603047617099, guid: 89580e58cf2eab146ba2aeabb173f63e,
        type: 3}
      propertyPath: m_LocalRotation.y
      value: -0.23903261
      objectReference: {fileID: 0}
    - target: {fileID: 9123724603047617099, guid: 89580e58cf2eab146ba2aeabb173f63e,
        type: 3}
      propertyPath: m_LocalRotation.z
      value: -0
      objectReference: {fileID: 0}
    - target: {fileID: 9123724603047617099, guid: 89580e58cf2eab146ba2aeabb173f63e,
        type: 3}
      propertyPath: m_LocalRotation.w
      value: 0.9710116
      objectReference: {fileID: 0}
    - target: {fileID: 9123724603047617099, guid: 89580e58cf2eab146ba2aeabb173f63e,
        type: 3}
      propertyPath: m_RootOrder
      value: 14
      objectReference: {fileID: 0}
    - target: {fileID: 9123724603047617099, guid: 89580e58cf2eab146ba2aeabb173f63e,
        type: 3}
      propertyPath: m_LocalEulerAnglesHint.x
      value: 0
      objectReference: {fileID: 0}
    - target: {fileID: 9123724603047617099, guid: 89580e58cf2eab146ba2aeabb173f63e,
        type: 3}
      propertyPath: m_LocalEulerAnglesHint.y
      value: -27.659
      objectReference: {fileID: 0}
    - target: {fileID: 9123724603047617099, guid: 89580e58cf2eab146ba2aeabb173f63e,
        type: 3}
      propertyPath: m_LocalEulerAnglesHint.z
      value: 0
      objectReference: {fileID: 0}
    m_RemovedComponents: []
  m_SourcePrefab: {fileID: 100100000, guid: 89580e58cf2eab146ba2aeabb173f63e, type: 3}
--- !u!4 &2945251816502834227 stripped
Transform:
  m_CorrespondingSourceObject: {fileID: 9123724603047617099, guid: 89580e58cf2eab146ba2aeabb173f63e,
    type: 3}
  m_PrefabInstance: {fileID: 6215629133831771768}
  m_PrefabAsset: {fileID: 0}
--- !u!1001 &6508121120669438042
PrefabInstance:
  m_ObjectHideFlags: 0
  serializedVersion: 2
  m_Modification:
    m_TransformParent: {fileID: 2922829228733812494}
    m_Modifications:
    - target: {fileID: 5244057998777897048, guid: 89580e58cf2eab146ba2aeabb173f63e,
        type: 3}
      propertyPath: m_Name
      value: Cigarette (2)
      objectReference: {fileID: 0}
    - target: {fileID: 9123724603047617099, guid: 89580e58cf2eab146ba2aeabb173f63e,
        type: 3}
      propertyPath: m_LocalPosition.x
      value: 0.17679282
      objectReference: {fileID: 0}
    - target: {fileID: 9123724603047617099, guid: 89580e58cf2eab146ba2aeabb173f63e,
        type: 3}
      propertyPath: m_LocalPosition.y
      value: 0.10940002
      objectReference: {fileID: 0}
    - target: {fileID: 9123724603047617099, guid: 89580e58cf2eab146ba2aeabb173f63e,
        type: 3}
      propertyPath: m_LocalPosition.z
      value: -0.29401523
      objectReference: {fileID: 0}
    - target: {fileID: 9123724603047617099, guid: 89580e58cf2eab146ba2aeabb173f63e,
        type: 3}
      propertyPath: m_LocalRotation.x
      value: -0
      objectReference: {fileID: 0}
    - target: {fileID: 9123724603047617099, guid: 89580e58cf2eab146ba2aeabb173f63e,
        type: 3}
      propertyPath: m_LocalRotation.y
      value: -0.23903261
      objectReference: {fileID: 0}
    - target: {fileID: 9123724603047617099, guid: 89580e58cf2eab146ba2aeabb173f63e,
        type: 3}
      propertyPath: m_LocalRotation.z
      value: -0
      objectReference: {fileID: 0}
    - target: {fileID: 9123724603047617099, guid: 89580e58cf2eab146ba2aeabb173f63e,
        type: 3}
      propertyPath: m_LocalRotation.w
      value: 0.9710116
      objectReference: {fileID: 0}
    - target: {fileID: 9123724603047617099, guid: 89580e58cf2eab146ba2aeabb173f63e,
        type: 3}
      propertyPath: m_RootOrder
      value: 16
      objectReference: {fileID: 0}
    - target: {fileID: 9123724603047617099, guid: 89580e58cf2eab146ba2aeabb173f63e,
        type: 3}
      propertyPath: m_LocalEulerAnglesHint.x
      value: 0
      objectReference: {fileID: 0}
    - target: {fileID: 9123724603047617099, guid: 89580e58cf2eab146ba2aeabb173f63e,
        type: 3}
      propertyPath: m_LocalEulerAnglesHint.y
      value: -27.659
      objectReference: {fileID: 0}
    - target: {fileID: 9123724603047617099, guid: 89580e58cf2eab146ba2aeabb173f63e,
        type: 3}
      propertyPath: m_LocalEulerAnglesHint.z
      value: 0
      objectReference: {fileID: 0}
    m_RemovedComponents: []
  m_SourcePrefab: {fileID: 100100000, guid: 89580e58cf2eab146ba2aeabb173f63e, type: 3}
--- !u!4 &2651642175021724177 stripped
Transform:
  m_CorrespondingSourceObject: {fileID: 9123724603047617099, guid: 89580e58cf2eab146ba2aeabb173f63e,
    type: 3}
  m_PrefabInstance: {fileID: 6508121120669438042}
  m_PrefabAsset: {fileID: 0}
--- !u!1001 &6523088666276444870
PrefabInstance:
  m_ObjectHideFlags: 0
  serializedVersion: 2
  m_Modification:
    m_TransformParent: {fileID: 2922829228733812494}
    m_Modifications:
    - target: {fileID: 1178146976053127761, guid: 804f709e570d93845ac09a639d6cb16f,
        type: 3}
      propertyPath: m_Name
      value: Credit card (1)
      objectReference: {fileID: 0}
    - target: {fileID: 2738971108686305346, guid: 804f709e570d93845ac09a639d6cb16f,
        type: 3}
      propertyPath: m_LocalPosition.x
      value: 0.645
      objectReference: {fileID: 0}
    - target: {fileID: 2738971108686305346, guid: 804f709e570d93845ac09a639d6cb16f,
        type: 3}
      propertyPath: m_LocalPosition.y
      value: 0.042299166
      objectReference: {fileID: 0}
    - target: {fileID: 2738971108686305346, guid: 804f709e570d93845ac09a639d6cb16f,
        type: 3}
      propertyPath: m_LocalPosition.z
      value: -0.29520115
      objectReference: {fileID: 0}
    - target: {fileID: 2738971108686305346, guid: 804f709e570d93845ac09a639d6cb16f,
        type: 3}
      propertyPath: m_LocalRotation.x
      value: -0.24701802
      objectReference: {fileID: 0}
    - target: {fileID: 2738971108686305346, guid: 804f709e570d93845ac09a639d6cb16f,
        type: 3}
      propertyPath: m_LocalRotation.y
      value: -0.6625573
      objectReference: {fileID: 0}
    - target: {fileID: 2738971108686305346, guid: 804f709e570d93845ac09a639d6cb16f,
        type: 3}
      propertyPath: m_LocalRotation.z
      value: -0.66255724
      objectReference: {fileID: 0}
    - target: {fileID: 2738971108686305346, guid: 804f709e570d93845ac09a639d6cb16f,
        type: 3}
      propertyPath: m_LocalRotation.w
      value: -0.24701792
      objectReference: {fileID: 0}
    - target: {fileID: 2738971108686305346, guid: 804f709e570d93845ac09a639d6cb16f,
        type: 3}
      propertyPath: m_RootOrder
      value: 6
      objectReference: {fileID: 0}
    - target: {fileID: 2738971108686305346, guid: 804f709e570d93845ac09a639d6cb16f,
        type: 3}
      propertyPath: m_LocalEulerAnglesHint.x
      value: -130.893
      objectReference: {fileID: 0}
    - target: {fileID: 2738971108686305346, guid: 804f709e570d93845ac09a639d6cb16f,
        type: 3}
      propertyPath: m_LocalEulerAnglesHint.y
      value: -89.759
      objectReference: {fileID: 0}
    - target: {fileID: 2738971108686305346, guid: 804f709e570d93845ac09a639d6cb16f,
        type: 3}
      propertyPath: m_LocalEulerAnglesHint.z
      value: 271.138
      objectReference: {fileID: 0}
    m_RemovedComponents: []
  m_SourcePrefab: {fileID: 100100000, guid: 804f709e570d93845ac09a639d6cb16f, type: 3}
--- !u!4 &8972416354326323844 stripped
Transform:
  m_CorrespondingSourceObject: {fileID: 2738971108686305346, guid: 804f709e570d93845ac09a639d6cb16f,
    type: 3}
  m_PrefabInstance: {fileID: 6523088666276444870}
  m_PrefabAsset: {fileID: 0}
--- !u!1001 &6566944406713574496
PrefabInstance:
  m_ObjectHideFlags: 0
  serializedVersion: 2
  m_Modification:
    m_TransformParent: {fileID: 2922829228733812494}
    m_Modifications:
    - target: {fileID: 5244057998777897048, guid: 89580e58cf2eab146ba2aeabb173f63e,
        type: 3}
      propertyPath: m_Name
      value: Cigarette (1)
      objectReference: {fileID: 0}
    - target: {fileID: 9123724603047617099, guid: 89580e58cf2eab146ba2aeabb173f63e,
        type: 3}
      propertyPath: m_LocalPosition.x
      value: 0.06
      objectReference: {fileID: 0}
    - target: {fileID: 9123724603047617099, guid: 89580e58cf2eab146ba2aeabb173f63e,
        type: 3}
      propertyPath: m_LocalPosition.y
      value: 0.093
      objectReference: {fileID: 0}
    - target: {fileID: 9123724603047617099, guid: 89580e58cf2eab146ba2aeabb173f63e,
        type: 3}
      propertyPath: m_LocalPosition.z
      value: -0.09
      objectReference: {fileID: 0}
    - target: {fileID: 9123724603047617099, guid: 89580e58cf2eab146ba2aeabb173f63e,
        type: 3}
      propertyPath: m_LocalRotation.x
      value: -0
      objectReference: {fileID: 0}
    - target: {fileID: 9123724603047617099, guid: 89580e58cf2eab146ba2aeabb173f63e,
        type: 3}
      propertyPath: m_LocalRotation.y
      value: 0.4101986
      objectReference: {fileID: 0}
    - target: {fileID: 9123724603047617099, guid: 89580e58cf2eab146ba2aeabb173f63e,
        type: 3}
      propertyPath: m_LocalRotation.z
      value: -0
      objectReference: {fileID: 0}
    - target: {fileID: 9123724603047617099, guid: 89580e58cf2eab146ba2aeabb173f63e,
        type: 3}
      propertyPath: m_LocalRotation.w
      value: 0.91199625
      objectReference: {fileID: 0}
    - target: {fileID: 9123724603047617099, guid: 89580e58cf2eab146ba2aeabb173f63e,
        type: 3}
      propertyPath: m_RootOrder
      value: 15
      objectReference: {fileID: 0}
    - target: {fileID: 9123724603047617099, guid: 89580e58cf2eab146ba2aeabb173f63e,
        type: 3}
      propertyPath: m_LocalEulerAnglesHint.x
      value: 0
      objectReference: {fileID: 0}
    - target: {fileID: 9123724603047617099, guid: 89580e58cf2eab146ba2aeabb173f63e,
        type: 3}
      propertyPath: m_LocalEulerAnglesHint.y
      value: 48.435
      objectReference: {fileID: 0}
    - target: {fileID: 9123724603047617099, guid: 89580e58cf2eab146ba2aeabb173f63e,
        type: 3}
      propertyPath: m_LocalEulerAnglesHint.z
      value: 0
      objectReference: {fileID: 0}
    m_RemovedComponents: []
  m_SourcePrefab: {fileID: 100100000, guid: 89580e58cf2eab146ba2aeabb173f63e, type: 3}
--- !u!4 &2720035682985936427 stripped
Transform:
  m_CorrespondingSourceObject: {fileID: 9123724603047617099, guid: 89580e58cf2eab146ba2aeabb173f63e,
    type: 3}
  m_PrefabInstance: {fileID: 6566944406713574496}
  m_PrefabAsset: {fileID: 0}
--- !u!1001 &6814345344559339895
PrefabInstance:
  m_ObjectHideFlags: 0
  serializedVersion: 2
  m_Modification:
    m_TransformParent: {fileID: 2922829228733812494}
    m_Modifications:
    - target: {fileID: 3819769355731302435, guid: 60fd69f5ece6cf84c94e9c6477548a04,
        type: 3}
      propertyPath: m_Name
      value: Beer bottle (6)
      objectReference: {fileID: 0}
    - target: {fileID: 241455112938031664, guid: 60fd69f5ece6cf84c94e9c6477548a04,
        type: 3}
      propertyPath: m_LocalPosition.x
      value: 0.25000015
      objectReference: {fileID: 0}
    - target: {fileID: 241455112938031664, guid: 60fd69f5ece6cf84c94e9c6477548a04,
        type: 3}
      propertyPath: m_LocalPosition.y
      value: 0.020000005
      objectReference: {fileID: 0}
    - target: {fileID: 241455112938031664, guid: 60fd69f5ece6cf84c94e9c6477548a04,
        type: 3}
      propertyPath: m_LocalPosition.z
      value: 0.038000073
      objectReference: {fileID: 0}
    - target: {fileID: 241455112938031664, guid: 60fd69f5ece6cf84c94e9c6477548a04,
        type: 3}
      propertyPath: m_LocalRotation.x
      value: 0.70166117
      objectReference: {fileID: 0}
    - target: {fileID: 241455112938031664, guid: 60fd69f5ece6cf84c94e9c6477548a04,
        type: 3}
      propertyPath: m_LocalRotation.y
      value: 0.087583974
      objectReference: {fileID: 0}
    - target: {fileID: 241455112938031664, guid: 60fd69f5ece6cf84c94e9c6477548a04,
        type: 3}
      propertyPath: m_LocalRotation.z
      value: 0.08758309
      objectReference: {fileID: 0}
    - target: {fileID: 241455112938031664, guid: 60fd69f5ece6cf84c94e9c6477548a04,
        type: 3}
      propertyPath: m_LocalRotation.w
      value: -0.70166224
      objectReference: {fileID: 0}
    - target: {fileID: 241455112938031664, guid: 60fd69f5ece6cf84c94e9c6477548a04,
        type: 3}
      propertyPath: m_RootOrder
      value: 13
      objectReference: {fileID: 0}
    - target: {fileID: 241455112938031664, guid: 60fd69f5ece6cf84c94e9c6477548a04,
        type: 3}
      propertyPath: m_LocalEulerAnglesHint.x
      value: -90.00001
      objectReference: {fileID: 0}
    - target: {fileID: 241455112938031664, guid: 60fd69f5ece6cf84c94e9c6477548a04,
        type: 3}
      propertyPath: m_LocalEulerAnglesHint.y
      value: 0
      objectReference: {fileID: 0}
    - target: {fileID: 241455112938031664, guid: 60fd69f5ece6cf84c94e9c6477548a04,
        type: 3}
      propertyPath: m_LocalEulerAnglesHint.z
      value: 345.77
      objectReference: {fileID: 0}
    m_RemovedComponents: []
  m_SourcePrefab: {fileID: 100100000, guid: 60fd69f5ece6cf84c94e9c6477548a04, type: 3}
--- !u!4 &6757854487254422343 stripped
Transform:
  m_CorrespondingSourceObject: {fileID: 241455112938031664, guid: 60fd69f5ece6cf84c94e9c6477548a04,
    type: 3}
  m_PrefabInstance: {fileID: 6814345344559339895}
  m_PrefabAsset: {fileID: 0}
--- !u!1001 &6821344163945488839
PrefabInstance:
  m_ObjectHideFlags: 0
  serializedVersion: 2
  m_Modification:
    m_TransformParent: {fileID: 2922829228733812494}
    m_Modifications:
    - target: {fileID: 3819769355731302435, guid: 60fd69f5ece6cf84c94e9c6477548a04,
        type: 3}
      propertyPath: m_Name
      value: Beer bottle (4)
      objectReference: {fileID: 0}
    - target: {fileID: 241455112938031664, guid: 60fd69f5ece6cf84c94e9c6477548a04,
        type: 3}
      propertyPath: m_LocalPosition.x
      value: 0.1434
      objectReference: {fileID: 0}
    - target: {fileID: 241455112938031664, guid: 60fd69f5ece6cf84c94e9c6477548a04,
        type: 3}
      propertyPath: m_LocalPosition.y
      value: 0.02
      objectReference: {fileID: 0}
    - target: {fileID: 241455112938031664, guid: 60fd69f5ece6cf84c94e9c6477548a04,
        type: 3}
      propertyPath: m_LocalPosition.z
      value: 0.2309
      objectReference: {fileID: 0}
    - target: {fileID: 241455112938031664, guid: 60fd69f5ece6cf84c94e9c6477548a04,
        type: 3}
      propertyPath: m_LocalRotation.x
      value: 0.67458093
      objectReference: {fileID: 0}
    - target: {fileID: 241455112938031664, guid: 60fd69f5ece6cf84c94e9c6477548a04,
        type: 3}
      propertyPath: m_LocalRotation.y
      value: -0.21198995
      objectReference: {fileID: 0}
    - target: {fileID: 241455112938031664, guid: 60fd69f5ece6cf84c94e9c6477548a04,
        type: 3}
      propertyPath: m_LocalRotation.z
      value: -0.21199042
      objectReference: {fileID: 0}
    - target: {fileID: 241455112938031664, guid: 60fd69f5ece6cf84c94e9c6477548a04,
        type: 3}
      propertyPath: m_LocalRotation.w
      value: -0.674582
      objectReference: {fileID: 0}
    - target: {fileID: 241455112938031664, guid: 60fd69f5ece6cf84c94e9c6477548a04,
        type: 3}
      propertyPath: m_RootOrder
      value: 7
      objectReference: {fileID: 0}
    - target: {fileID: 241455112938031664, guid: 60fd69f5ece6cf84c94e9c6477548a04,
        type: 3}
      propertyPath: m_LocalEulerAnglesHint.x
      value: -90.00001
      objectReference: {fileID: 0}
    - target: {fileID: 241455112938031664, guid: 60fd69f5ece6cf84c94e9c6477548a04,
        type: 3}
      propertyPath: m_LocalEulerAnglesHint.y
      value: 0
      objectReference: {fileID: 0}
    - target: {fileID: 241455112938031664, guid: 60fd69f5ece6cf84c94e9c6477548a04,
        type: 3}
      propertyPath: m_LocalEulerAnglesHint.z
      value: 394.891
      objectReference: {fileID: 0}
    m_RemovedComponents: []
  m_SourcePrefab: {fileID: 100100000, guid: 60fd69f5ece6cf84c94e9c6477548a04, type: 3}
--- !u!4 &6769924286505823223 stripped
Transform:
  m_CorrespondingSourceObject: {fileID: 241455112938031664, guid: 60fd69f5ece6cf84c94e9c6477548a04,
    type: 3}
  m_PrefabInstance: {fileID: 6821344163945488839}
  m_PrefabAsset: {fileID: 0}
--- !u!1001 &7036962556003151250
PrefabInstance:
  m_ObjectHideFlags: 0
  serializedVersion: 2
  m_Modification:
    m_TransformParent: {fileID: 2922829228733812494}
    m_Modifications:
    - target: {fileID: 3194045501061885794, guid: 2d8501881b82b0047970dd3d5fe352d7,
        type: 3}
      propertyPath: m_Name
      value: Ashtray
      objectReference: {fileID: 0}
    - target: {fileID: 1875994080227138929, guid: 2d8501881b82b0047970dd3d5fe352d7,
        type: 3}
      propertyPath: m_LocalPosition.x
      value: 0.2023
      objectReference: {fileID: 0}
    - target: {fileID: 1875994080227138929, guid: 2d8501881b82b0047970dd3d5fe352d7,
        type: 3}
      propertyPath: m_LocalPosition.y
      value: 0.035
      objectReference: {fileID: 0}
    - target: {fileID: 1875994080227138929, guid: 2d8501881b82b0047970dd3d5fe352d7,
        type: 3}
      propertyPath: m_LocalPosition.z
      value: -0.28680003
      objectReference: {fileID: 0}
    - target: {fileID: 1875994080227138929, guid: 2d8501881b82b0047970dd3d5fe352d7,
        type: 3}
      propertyPath: m_LocalRotation.x
      value: 0.7071068
      objectReference: {fileID: 0}
    - target: {fileID: 1875994080227138929, guid: 2d8501881b82b0047970dd3d5fe352d7,
        type: 3}
      propertyPath: m_LocalRotation.y
      value: 0
      objectReference: {fileID: 0}
    - target: {fileID: 1875994080227138929, guid: 2d8501881b82b0047970dd3d5fe352d7,
        type: 3}
      propertyPath: m_LocalRotation.z
      value: 0
      objectReference: {fileID: 0}
    - target: {fileID: 1875994080227138929, guid: 2d8501881b82b0047970dd3d5fe352d7,
        type: 3}
      propertyPath: m_LocalRotation.w
      value: 0.7071068
      objectReference: {fileID: 0}
    - target: {fileID: 1875994080227138929, guid: 2d8501881b82b0047970dd3d5fe352d7,
        type: 3}
      propertyPath: m_RootOrder
      value: 4
      objectReference: {fileID: 0}
    - target: {fileID: 1875994080227138929, guid: 2d8501881b82b0047970dd3d5fe352d7,
        type: 3}
      propertyPath: m_LocalEulerAnglesHint.x
      value: 90
      objectReference: {fileID: 0}
    - target: {fileID: 1875994080227138929, guid: 2d8501881b82b0047970dd3d5fe352d7,
        type: 3}
      propertyPath: m_LocalEulerAnglesHint.y
      value: 0
      objectReference: {fileID: 0}
    - target: {fileID: 1875994080227138929, guid: 2d8501881b82b0047970dd3d5fe352d7,
        type: 3}
      propertyPath: m_LocalEulerAnglesHint.z
      value: 0
      objectReference: {fileID: 0}
    m_RemovedComponents: []
  m_SourcePrefab: {fileID: 100100000, guid: 2d8501881b82b0047970dd3d5fe352d7, type: 3}
--- !u!4 &8908276762554036451 stripped
Transform:
  m_CorrespondingSourceObject: {fileID: 1875994080227138929, guid: 2d8501881b82b0047970dd3d5fe352d7,
    type: 3}
  m_PrefabInstance: {fileID: 7036962556003151250}
  m_PrefabAsset: {fileID: 0}
--- !u!1001 &7163504228765997706
PrefabInstance:
  m_ObjectHideFlags: 0
  serializedVersion: 2
  m_Modification:
    m_TransformParent: {fileID: 2922829228733812494}
    m_Modifications:
    - target: {fileID: 5113172097649240881, guid: f76bc534d0e244d4a87835ede1011540,
        type: 3}
      propertyPath: m_Name
      value: Unlucky_strikes
      objectReference: {fileID: 0}
    - target: {fileID: 8119703389493041442, guid: f76bc534d0e244d4a87835ede1011540,
        type: 3}
      propertyPath: m_LocalPosition.x
      value: 0.60887843
      objectReference: {fileID: 0}
    - target: {fileID: 8119703389493041442, guid: f76bc534d0e244d4a87835ede1011540,
        type: 3}
      propertyPath: m_LocalPosition.y
      value: 0.02
      objectReference: {fileID: 0}
    - target: {fileID: 8119703389493041442, guid: f76bc534d0e244d4a87835ede1011540,
        type: 3}
      propertyPath: m_LocalPosition.z
      value: -0.285
      objectReference: {fileID: 0}
    - target: {fileID: 8119703389493041442, guid: f76bc534d0e244d4a87835ede1011540,
        type: 3}
      propertyPath: m_LocalRotation.x
      value: -0.026645724
      objectReference: {fileID: 0}
    - target: {fileID: 8119703389493041442, guid: f76bc534d0e244d4a87835ede1011540,
        type: 3}
      propertyPath: m_LocalRotation.y
      value: 0.026645754
      objectReference: {fileID: 0}
    - target: {fileID: 8119703389493041442, guid: f76bc534d0e244d4a87835ede1011540,
        type: 3}
      propertyPath: m_LocalRotation.z
      value: -0.7066046
      objectReference: {fileID: 0}
    - target: {fileID: 8119703389493041442, guid: f76bc534d0e244d4a87835ede1011540,
        type: 3}
      propertyPath: m_LocalRotation.w
      value: 0.7066046
      objectReference: {fileID: 0}
    - target: {fileID: 8119703389493041442, guid: f76bc534d0e244d4a87835ede1011540,
        type: 3}
      propertyPath: m_RootOrder
      value: 5
      objectReference: {fileID: 0}
    - target: {fileID: 8119703389493041442, guid: f76bc534d0e244d4a87835ede1011540,
        type: 3}
      propertyPath: m_LocalEulerAnglesHint.x
      value: 0
      objectReference: {fileID: 0}
    - target: {fileID: 8119703389493041442, guid: f76bc534d0e244d4a87835ede1011540,
        type: 3}
      propertyPath: m_LocalEulerAnglesHint.y
      value: 4.3190002
      objectReference: {fileID: 0}
    - target: {fileID: 8119703389493041442, guid: f76bc534d0e244d4a87835ede1011540,
        type: 3}
      propertyPath: m_LocalEulerAnglesHint.z
      value: -90.00001
      objectReference: {fileID: 0}
    m_RemovedComponents: []
  m_SourcePrefab: {fileID: 100100000, guid: f76bc534d0e244d4a87835ede1011540, type: 3}
--- !u!4 &1425136472014422952 stripped
Transform:
  m_CorrespondingSourceObject: {fileID: 8119703389493041442, guid: f76bc534d0e244d4a87835ede1011540,
    type: 3}
  m_PrefabInstance: {fileID: 7163504228765997706}
  m_PrefabAsset: {fileID: 0}
--- !u!1001 &7531329437900840100
PrefabInstance:
  m_ObjectHideFlags: 0
  serializedVersion: 2
  m_Modification:
    m_TransformParent: {fileID: 2922829228733812494}
    m_Modifications:
    - target: {fileID: 5244057998777897048, guid: 89580e58cf2eab146ba2aeabb173f63e,
        type: 3}
      propertyPath: m_Name
      value: Cigarette (3)
      objectReference: {fileID: 0}
    - target: {fileID: 9123724603047617099, guid: 89580e58cf2eab146ba2aeabb173f63e,
        type: 3}
      propertyPath: m_LocalPosition.x
      value: 0.0545
      objectReference: {fileID: 0}
    - target: {fileID: 9123724603047617099, guid: 89580e58cf2eab146ba2aeabb173f63e,
        type: 3}
      propertyPath: m_LocalPosition.y
      value: 0.092999995
      objectReference: {fileID: 0}
    - target: {fileID: 9123724603047617099, guid: 89580e58cf2eab146ba2aeabb173f63e,
        type: 3}
      propertyPath: m_LocalPosition.z
      value: -0.081
      objectReference: {fileID: 0}
    - target: {fileID: 9123724603047617099, guid: 89580e58cf2eab146ba2aeabb173f63e,
        type: 3}
      propertyPath: m_LocalRotation.x
      value: -0
      objectReference: {fileID: 0}
    - target: {fileID: 9123724603047617099, guid: 89580e58cf2eab146ba2aeabb173f63e,
        type: 3}
      propertyPath: m_LocalRotation.y
      value: 0.4101986
      objectReference: {fileID: 0}
    - target: {fileID: 9123724603047617099, guid: 89580e58cf2eab146ba2aeabb173f63e,
        type: 3}
      propertyPath: m_LocalRotation.z
      value: -0
      objectReference: {fileID: 0}
    - target: {fileID: 9123724603047617099, guid: 89580e58cf2eab146ba2aeabb173f63e,
        type: 3}
      propertyPath: m_LocalRotation.w
      value: 0.91199625
      objectReference: {fileID: 0}
    - target: {fileID: 9123724603047617099, guid: 89580e58cf2eab146ba2aeabb173f63e,
        type: 3}
      propertyPath: m_RootOrder
      value: 17
      objectReference: {fileID: 0}
    - target: {fileID: 9123724603047617099, guid: 89580e58cf2eab146ba2aeabb173f63e,
        type: 3}
      propertyPath: m_LocalEulerAnglesHint.x
      value: 0
      objectReference: {fileID: 0}
    - target: {fileID: 9123724603047617099, guid: 89580e58cf2eab146ba2aeabb173f63e,
        type: 3}
      propertyPath: m_LocalEulerAnglesHint.y
      value: 48.435
      objectReference: {fileID: 0}
    - target: {fileID: 9123724603047617099, guid: 89580e58cf2eab146ba2aeabb173f63e,
        type: 3}
      propertyPath: m_LocalEulerAnglesHint.z
      value: 0
      objectReference: {fileID: 0}
    m_RemovedComponents: []
  m_SourcePrefab: {fileID: 100100000, guid: 89580e58cf2eab146ba2aeabb173f63e, type: 3}
--- !u!4 &1592395302602587887 stripped
Transform:
  m_CorrespondingSourceObject: {fileID: 9123724603047617099, guid: 89580e58cf2eab146ba2aeabb173f63e,
    type: 3}
  m_PrefabInstance: {fileID: 7531329437900840100}
  m_PrefabAsset: {fileID: 0}
--- !u!1001 &8450351564512126454
PrefabInstance:
  m_ObjectHideFlags: 0
  serializedVersion: 2
  m_Modification:
    m_TransformParent: {fileID: 3135459569612331513}
    m_Modifications:
    - target: {fileID: 3474331627079585014, guid: 2d7cf545fc219804ea38c21ef232b0fc,
        type: 3}
      propertyPath: m_Name
      value: Outdoor table
      objectReference: {fileID: 0}
    - target: {fileID: 3474331627079585014, guid: 2d7cf545fc219804ea38c21ef232b0fc,
        type: 3}
      propertyPath: m_IsActive
      value: 1
      objectReference: {fileID: 0}
    - target: {fileID: 462771164367634149, guid: 2d7cf545fc219804ea38c21ef232b0fc,
        type: 3}
      propertyPath: m_LocalPosition.x
      value: 0
      objectReference: {fileID: 0}
    - target: {fileID: 462771164367634149, guid: 2d7cf545fc219804ea38c21ef232b0fc,
        type: 3}
      propertyPath: m_LocalPosition.y
      value: -0.6
      objectReference: {fileID: 0}
    - target: {fileID: 462771164367634149, guid: 2d7cf545fc219804ea38c21ef232b0fc,
        type: 3}
      propertyPath: m_LocalPosition.z
      value: -0.069
      objectReference: {fileID: 0}
    - target: {fileID: 462771164367634149, guid: 2d7cf545fc219804ea38c21ef232b0fc,
        type: 3}
      propertyPath: m_LocalRotation.x
      value: -0.7071068
      objectReference: {fileID: 0}
    - target: {fileID: 462771164367634149, guid: 2d7cf545fc219804ea38c21ef232b0fc,
        type: 3}
      propertyPath: m_LocalRotation.y
      value: 0
      objectReference: {fileID: 0}
    - target: {fileID: 462771164367634149, guid: 2d7cf545fc219804ea38c21ef232b0fc,
        type: 3}
      propertyPath: m_LocalRotation.z
      value: 0
      objectReference: {fileID: 0}
    - target: {fileID: 462771164367634149, guid: 2d7cf545fc219804ea38c21ef232b0fc,
        type: 3}
      propertyPath: m_LocalRotation.w
      value: 0.7071068
      objectReference: {fileID: 0}
    - target: {fileID: 462771164367634149, guid: 2d7cf545fc219804ea38c21ef232b0fc,
        type: 3}
      propertyPath: m_RootOrder
      value: 1
      objectReference: {fileID: 0}
    - target: {fileID: 462771164367634149, guid: 2d7cf545fc219804ea38c21ef232b0fc,
        type: 3}
      propertyPath: m_LocalEulerAnglesHint.x
      value: -90
      objectReference: {fileID: 0}
    - target: {fileID: 462771164367634149, guid: 2d7cf545fc219804ea38c21ef232b0fc,
        type: 3}
      propertyPath: m_LocalEulerAnglesHint.y
      value: 0
      objectReference: {fileID: 0}
    - target: {fileID: 462771164367634149, guid: 2d7cf545fc219804ea38c21ef232b0fc,
        type: 3}
      propertyPath: m_LocalEulerAnglesHint.z
      value: 0
      objectReference: {fileID: 0}
    - target: {fileID: 2713381250139708654, guid: 2d7cf545fc219804ea38c21ef232b0fc,
        type: 3}
      propertyPath: m_Enabled
      value: 0
      objectReference: {fileID: 0}
    m_RemovedComponents: []
  m_SourcePrefab: {fileID: 100100000, guid: 2d7cf545fc219804ea38c21ef232b0fc, type: 3}
--- !u!4 &8298368391211932435 stripped
Transform:
  m_CorrespondingSourceObject: {fileID: 462771164367634149, guid: 2d7cf545fc219804ea38c21ef232b0fc,
    type: 3}
  m_PrefabInstance: {fileID: 8450351564512126454}
  m_PrefabAsset: {fileID: 0}
--- !u!1001 &9216856689948433192
PrefabInstance:
  m_ObjectHideFlags: 0
  serializedVersion: 2
  m_Modification:
    m_TransformParent: {fileID: 2922829228733812494}
    m_Modifications:
    - target: {fileID: 3819769355731302435, guid: 60fd69f5ece6cf84c94e9c6477548a04,
        type: 3}
      propertyPath: m_Name
      value: Beer bottle (3)
      objectReference: {fileID: 0}
    - target: {fileID: 241455112938031664, guid: 60fd69f5ece6cf84c94e9c6477548a04,
        type: 3}
      propertyPath: m_LocalPosition.x
      value: 0.0919
      objectReference: {fileID: 0}
    - target: {fileID: 241455112938031664, guid: 60fd69f5ece6cf84c94e9c6477548a04,
        type: 3}
      propertyPath: m_LocalPosition.y
      value: 0.02
      objectReference: {fileID: 0}
    - target: {fileID: 241455112938031664, guid: 60fd69f5ece6cf84c94e9c6477548a04,
        type: 3}
      propertyPath: m_LocalPosition.z
      value: 0.1956
      objectReference: {fileID: 0}
    - target: {fileID: 241455112938031664, guid: 60fd69f5ece6cf84c94e9c6477548a04,
        type: 3}
      propertyPath: m_LocalRotation.x
      value: 0.67458093
      objectReference: {fileID: 0}
    - target: {fileID: 241455112938031664, guid: 60fd69f5ece6cf84c94e9c6477548a04,
        type: 3}
      propertyPath: m_LocalRotation.y
      value: -0.21198995
      objectReference: {fileID: 0}
    - target: {fileID: 241455112938031664, guid: 60fd69f5ece6cf84c94e9c6477548a04,
        type: 3}
      propertyPath: m_LocalRotation.z
      value: -0.21199042
      objectReference: {fileID: 0}
    - target: {fileID: 241455112938031664, guid: 60fd69f5ece6cf84c94e9c6477548a04,
        type: 3}
      propertyPath: m_LocalRotation.w
      value: -0.674582
      objectReference: {fileID: 0}
    - target: {fileID: 241455112938031664, guid: 60fd69f5ece6cf84c94e9c6477548a04,
        type: 3}
      propertyPath: m_RootOrder
      value: 3
      objectReference: {fileID: 0}
    - target: {fileID: 241455112938031664, guid: 60fd69f5ece6cf84c94e9c6477548a04,
        type: 3}
      propertyPath: m_LocalEulerAnglesHint.x
      value: -90.00001
      objectReference: {fileID: 0}
    - target: {fileID: 241455112938031664, guid: 60fd69f5ece6cf84c94e9c6477548a04,
        type: 3}
      propertyPath: m_LocalEulerAnglesHint.y
      value: 0
      objectReference: {fileID: 0}
    - target: {fileID: 241455112938031664, guid: 60fd69f5ece6cf84c94e9c6477548a04,
        type: 3}
      propertyPath: m_LocalEulerAnglesHint.z
      value: 394.891
      objectReference: {fileID: 0}
    m_RemovedComponents: []
  m_SourcePrefab: {fileID: 100100000, guid: 60fd69f5ece6cf84c94e9c6477548a04, type: 3}
--- !u!4 &8984972037933011224 stripped
Transform:
  m_CorrespondingSourceObject: {fileID: 241455112938031664, guid: 60fd69f5ece6cf84c94e9c6477548a04,
    type: 3}
  m_PrefabInstance: {fileID: 9216856689948433192}
  m_PrefabAsset: {fileID: 0}
